 Dungeon Crawl Stone Soup version 0.26-a0-835-g8259106e14 (webtiles) character file.

Game seed: 1155394658305826831

1499181 mattiecakes the Gargoyle Barricade (level 27, -7/159 HPs)
             Began as a Gargoyle Fighter on Nov 17, 2020.
             Was a High Priest of the Shining One.
             Killed from afar by an orb of fire (17 damage)
             ... with a bolt of fire
             ... on level 5 of the Realm of Zot on Nov 18, 2020.
             The game lasted 05:46:33 (119411 turns).

mattiecakes the Gargoyle Barricade (GrFi)         Turns: 119411, Time: 05:47:03

Health: -7/159     AC: 68    Str: 40    XL:     27
Magic:  41/49      EV: 12    Int: 15    God:    the Shining One [*****.]
Gold:   17807      SH: 49    Dex: 13    Spells: 52/70 levels left

rFire    + . .     SeeInvis .   a - +9 broad axe (holy)
rCold    + + +     Faith    .   e - +8 tower shield
rNeg     + + +     Spirit   .   o - +14 crystal plate armour of Kleptomania {+Blink rC+ Int+3}
rPois    ∞         Reflect  +   W - +2 hat of Tomorrow {Str+6 Dex+2}
rElec    +         Harm     .   B - scarf {rC+ rF+}
rCorr    +         Rampage  .   m - +3 pair of gauntlets of War {Slay+5}
MR       +++++     Rnd*Rage +   E - +0 pair of boots "Ofakud" {MR+} Stlth ..........Rnd*Tele +
                                u - amulet of reflection
HPRegen  0.00/turn              y - ring "Wingud" {+Inv rF+ rC+ Dex+4}
MPRegen  0.31/turn              S - ring "Rualuumo" {rPois rF- rC+ MR++ rCorr}

@: berserk cooldown, slowed, glowing, studying 4 skills, very slow
A: big wings, fangs 1, large bone plates 2, berserk 1, blurry vision 1, clever
1, clumsy 1, deformed body, frail 2, negative energy resistance 1, screaming 1,
electricity resistance, inhibited regeneration, strong 1, teleportitis 1,
unbreathing, evolution 1, petrification resistance, rot immunity, AC +20
}: 15/15 runes: decaying, slimy, silver, golden, iron, obsidian, icy, bone,
abyssal, demonic, glowing, magical, fiery, dark, gossamer
a: Fly, Divine Shield, Cleansing Flame, Summon Divine Warrior, Renounce
Religion, Evoke Blink, Evoke Invisibility


You were on level 5 of the Realm of Zot.
You worshipped the Shining One.
The Shining One was extremely pleased with you.
You visited 18 branches of the dungeon, and saw 90 of its levels.
You visited Pandemonium 3 times, and saw 35 of its levels.
You visited the Abyss 3 times.
You visited 1 bazaar.
You also visited: Sewer, Gauntlet and Ice Cave.

You collected 21884 gold pieces.
You spent 4077 gold pieces at shops.

Inventory:

Hand Weapons
 a - a +9 broad axe of holy wrath (weapon)
Armour
 e - a +8 tower shield (worn)
 m - the +3 pair of gauntlets of War (worn) {Slay+5}
   (You found it on level 5 of the Pits of Slime)

   It affects your accuracy and damage with ranged weapons and melee attacks
   (+5).
 o - the +14 crystal plate armour of Kleptomania (worn) {+Blink rC+ Int+3}
   (Okawaru gifted it to you on level 1 of the Spider Nest)

   It affects your intelligence (+3).
   It protects you from cold.
   It lets you blink.
 B - a scarf of resistance (worn)
 E - the +0 pair of boots "Ofakud" (worn) {MR+}
   (Okawaru gifted it to you on level 2 of the Vaults)

   It affects your resistance to hostile enchantments.
 V - +5 gold dragon scales
 W - the +2 hat of Tomorrow (worn) {Str+6 Dex+2}
   (Okawaru gifted it to you on level 1 of the Swamp)

   It affects your strength (+6).
   It affects your dexterity (+2).
Jewellery
 u - an amulet of reflection (around neck)
 y - the ring "Wingud" (left hand) {+Inv rF+ rC+ Dex+4}
   (You found it in an ice cave)

   [ring of protection from fire]

   It affects your dexterity (+4).
   It protects you from fire.
   It protects you from cold.
   It lets you turn invisible.
 S - the ring "Rualuumo" (right hand) {rPois rF- rC+ MR++ rCorr}
   (You found it on level 3 of the Lair of Beasts)

   [ring of resist corrosion]

   It makes you vulnerable to fire.
   It protects you from cold.
   It protects you from poison.
   It affects your resistance to hostile enchantments.
   It provides partial protection from all sources of acid and corrosion.
 U - the amulet "Idetin" {*Corrode rElec rPois Regen+ Dex+6}
   (You took it off a warmonger in Pandemonium)

   [amulet of regeneration]

   It affects your dexterity (+6).
   It insulates you from electricity.
   It protects you from poison.
   It increases your rate of regeneration.
   It may corrode you when you take damage.
Wands
 h - a wand of enslavement (7)
 l - a wand of disintegration (45)
 r - a wand of acid (90)
 A - a wand of digging (42)
 O - a wand of iceblast (85)
Scrolls
 f - 28 scrolls of teleportation
 k - 8 scrolls of magic mapping
 n - 4 scrolls of enchant armour
 p - 3 scrolls of silence
 q - 3 scrolls of blinking
 v - 18 scrolls of amnesia
 w - 42 scrolls of remove curse
 D - 11 scrolls of fear
 J - 4 scrolls of brand weapon
 L - 11 scrolls of fog
 P - 33 scrolls of identify {reflect}
 Q - a scroll of holy word
 R - 3 scrolls of summoning
 X - 4 scrolls of enchant weapon
Potions
 b - a potion of heal wounds (quivered)
 d - 4 potions of haste
 g - 11 potions of curing
 j - 15 potions of ambrosia
 x - 9 potions of might
 z - 22 potions of brilliance
 C - 7 potions of berserk rage
 F - 2 potions of mutation
 H - 19 potions of lignification
 I - 5 potions of resistance
 K - 2 potions of cancellation
 M - 3 potions of magic
Books
 c - a manual of Unarmed Combat
 i - a manual of Summonings
 s - a manual of Stealth
 t - a manual of Throwing
Miscellaneous
 N - a figurine of a ziggurat


   Skills:
 O Level 27 Fighting
 O Level 27 Axes
 - Level 21.9(27) Maces & Flails
 - Level 21.5(26.6) Polearms
 O Level 27 Armour
 - Level 6.3 Dodging
 O Level 27 Shields
 + Level 22.3 Spellcasting
 + Level 5.5 Air Magic
 - Level 26.8 Earth Magic
 O Level 27 Invocations


You had 52 spell levels left.
You knew the following spells:

 Your Spells              Type           Power        Failure   Level
a - Shatter               Erth           #######...   16%         9
b - Tornado               Air            ####......   100%        9

Your spell library contained the following spells:

 Spells                   Type           Power        Failure   Level
 Sandblast                Erth           ######       0%          1
 Lee's Rapid Deconstruct  Erth           #######...   0%          5
 Passwall                 Tmut/Erth      ######..     1%          2
 Swiftness                Air            ####....     1%          2
 Stone Arrow              Conj/Erth      ######       1%          3
 Leda's Liquefaction      Hex/Erth       ######....   1%          4
 Petrify                  Tmut/Erth      ######..     1%          4
 Borgnjor's Vile Clutch   Necr/Erth      ######....   1%          5
 Shock                    Conj/Air       ####         3%          1
 Corpse Rot               Necr/Air       N/A          4%          2
 Poisonous Vapours        Pois/Air       ####..       4%          2
 Iron Shot                Conj/Erth      ######....   6%          6
 Bolt of Magma            Conj/Fire/Erth #####.....   7%          5
 Animate Skeleton         Necr           ###...       10%         1
 Apportation              Tloc           ###...       10%         1
 Beastly Appendage        Tmut           ###...       10%         1
 Corona                   Hex            ###....      10%         1
 Foxfire                  Conj/Fire      ###.         10%         1
 Freeze                   Ice            ###.         10%         1
 Magic Dart               Conj           ###.         10%         1
 Pain                     Necr           ###.         10%         1
 Sting                    Tmut/Pois      ###.         10%         1
 Summon Small Mammal      Summ           ###.         10%         1
 Static Discharge         Conj/Air       ####....     10%         3
 Airstrike                Air            ####......   10%         4
 Blink                    Tloc           N/A          14%         2
 Call Imp                 Summ           ###.....     14%         2
 Searing Ray              Conj           ###...       14%         2
 Slow                     Hex            ###.....     14%         2
 Wereblood                Tmut           ###.....     14%         2
 Mephitic Cloud           Conj/Pois/Air  ###.....     14%         3
 Call Canine Familiar     Summ           ###.....     28%         3
 Confusing Touch          Hex            ###.....     28%         3
 Conjure Flame            Conj/Fire      ###.....     28%         3
 Dazzling Flash           Conj/Hex       ###...       28%         3
 Frozen Ramparts          Ice            ###...       28%         3
 Gell's Gravitas          Tloc           ###.......   28%         3
 Ignite Poison            Fire/Tmut/Pois ###.....     28%         3
 Inner Flame              Hex/Fire       ###.....     28%         3
 Lesser Beckoning         Tloc           ###.......   28%         3
 Ozocubu's Armour         Ice            ###.....     28%         3
 Portal Projectile        Hex/Tloc       ###...       28%         3
 Spider Form              Tmut/Pois      ###.......   28%         3
 Summon Guardian Golem    Hex/Summ       ###.....     28%         3
 Teleport Other           Tloc           ###.....     28%         3
 Vampiric Draining        Necr           ###.......   28%         3
 Summon Lightning Spire   Summ/Air       ####....     30%         4
 Lightning Bolt           Conj/Air       ####......   65%         5
 Silence                  Hex/Air        ####......   65%         5
 Animate Dead             Necr           ###.......   67%         4
 Cause Fear               Hex            ###.......   67%         4
 Fulminant Prism          Conj/Hex       ###.......   67%         4
 Hailstorm                Conj/Ice       ###.....     67%         4
 Ice Form                 Ice/Tmut       ###.....     67%         4
 Iskenderun's Mystic Bla  Conj/Tloc      ###.....     67%         4
 Olgreb's Toxic Radiance  Pois           ###.....     67%         4
 Passage of Golubria      Tloc           N/A          67%         4
 Sticky Flame             Conj/Fire      ###.....     67%         4
 Summon Ice Beast         Ice/Summ       ###.....     67%         4
 Agony                    Necr           ###.....     95%         5
 Alistair's Intoxication  Tmut/Pois      ###......    95%         5
 Blade Hands              Tmut           ###.......   95%         5
 Fireball                 Conj/Fire      ###.......   95%         5
 Irradiate                Conj/Tmut      ###.......   95%         5
 Iskenderun's Battlesphe  Conj           ###.....     95%         5
 Metabolic Englaciation   Hex/Ice        ###.......   95%         5
 Summon Forest            Summ/Tloc      ###.......   95%         5
 Summon Mana Viper        Hex/Summ       ###.....     95%         5
 Yara's Violent Unravell  Hex/Tmut       ###.......   95%         5
 Conjure Ball Lightning   Conj/Air       ####......   99%         6
 Death Channel            Necr           ###.......   100%        6
 Dispersal                Tloc           ###.......   100%        6
 Eringya's Noxious Bog    Tmut/Pois      ###.......   100%        6
 Freezing Cloud           Conj/Ice/Air   ###.......   100%        6
 Hydra Form               Tmut           ###.......   100%        6
 Invisibility             Hex            ###.....     100%        6
 Ozocubu's Refrigeration  Ice            ###.......   100%        6
 Simulacrum               Ice/Necr       ###.......   100%        6
 Starburst                Conj/Fire      ###.......   100%        6
 Dragon Form              Tmut           ###.......   100%        7
 Haunt                    Necr/Summ      ###.......   100%        7
 Malign Gateway           Summ/Tloc      ###.......   100%        7
 Monstrous Menagerie      Summ           ###.......   100%        7
 Orb of Destruction       Conj           ###.......   100%        7
 Spellforged Servitor     Conj/Summ      ###.......   100%        7
 Summon Greater Demon     Summ           ###.......   100%        7
 Borgnjor's Revivificati  Necr           ###.......   100%        8
 Discord                  Hex            ###.......   100%        8
 Disjunction              Tloc           ###.......   100%        8
 Ignition                 Fire           ###.......   100%        8
 Infestation              Necr           ###.......   100%        8
 Necromutation            Tmut/Necr      ###.......   100%        8
 Summon Horrible Things   Summ           ###.......   100%        8
 Death's Door             Necr           ###.......   100%        9
 Dragon's Call            Summ           ###.......   100%        9
 Statue Form              Tmut/Erth      Unusable     N/A         6
 Sublimation of Blood     Necr           Unusable     N/A         2

Dungeon Overview and Level Annotations

Branches:
Dungeon (15/15)            Temple (1/1) D:6            Lair (6/6) D:8
  Swamp (4/4) Lair:3       Spider (4/4) Lair:3        Slime (5/5) Lair:6
    Orc (2/2) D:10            Elf (3/3) Orc:2        Vaults (5/5) D:13
  Crypt (3/3) Vaults:2       Tomb (3/3) Crypt:3      Depths (5/5) D:15
   Hell (visited)             Dis (7/7) Hell            Geh (7/7) Hell
    Coc (7/7) Hell            Tar (7/7) Hell            Zot (5/5) Depths:5
  Sewer (visited)           IceCv (visited)         Gauntlet (visited)

Altars:
Ashenzari
Cheibriados
Dithmenos
Elyvilon
Fedhas
Gozag
Hepliaklqana
Kikubaaqudgha
Makhleb
Nemelex Xobeh
Okawaru
Qazlal
Ru
Sif Muna
Trog
Uskayaw
Vehumet
Wu Jian
Xom
Yredelemnul
Zin
The Shining One
Beogh
Jiyva

Shops:
D:8 (   D:13 =   D:14 (   Orc:1 :?}*:   Orc:2 [(=(!   Elf:2 !(?}:   Vaults:1 [
Vaults:4 [   Vaults:5 *   Depths:1 :

Portals:
Hell: Depths:1 Depths:2 Depths:3 Depths:4 Depths:5
Abyss: Swamp:2 Depths:1 Depths:2 Depths:4
Pandemonium: Depths:1 Depths:3
Ziggurat: Depths:1

Annotations:
Swamp:2 2 transporters, Zatibaps's ghost, journeyman FeVM


Innate Abilities, Weirdness & Mutations

You are resistant to torment.
Your stone body is resilient. (AC +20)
You are immune to poison.
Your large and strong wings let you fly indefinitely.
You resist negative energy. (rN+)
You are resistant to electric shocks. (rElec)
You can survive without breathing.
You are immune to petrification.
You are immune to rotting.
You have very sharp teeth.
You are mostly covered in large bone plates. (SH +6)
You tend to lose your temper in combat.
Scrolls take you a little longer to read.
Your mind is acute. (Int +2)
You are clumsy. (Dex -2)
Armour fits poorly on your strangely shaped body.
You are very frail. (-20% HP)
You occasionally shout uncontrollably at your foes.
You do not regenerate when monsters are visible.
Your muscles are strong. (Str +2)
You are occasionally teleported next to monsters.
You evolve.


Message History

Really read with blurry vision while enemies are nearby?
The orb of fire glows yellow.
The fireball explodes!
The fireball engulfs you!! You resist.
* * * LOW HITPOINT WARNING * * *
The fireball engulfs the orb of fire.
The orb of fire completely resists.
The fireball engulfs the orb of fire.
The orb of fire completely resists.
The orb of fire glows deep purple.
The bolt of fire hits the orb of fire.
The orb of fire completely resists.
The bolt of fire hits you!! You resist.
* * * LOW HITPOINT WARNING * * *
You begin reading the scroll.
You continue reading the scroll.
The orb of fire glows bright magenta.
The bolt of fire hits you!! You resist. The Shining One protects you from harm!
The orb of fire glows bright magenta.
The bolt of fire hits you but does no damage.
The orb of fire glows deep purple.
The bolt of fire hits the orb of fire.
The orb of fire completely resists.
The bolt of fire hits you! You resist.
You die...

,,,,,,,* #.............# *,,,,^
,,,,,,,* *#L..........#* *,,,,,
,,,,,,,* #..X......q.# *,,,,,
,,,,,,,* ##..2(....L..## *,,,,,
,,,,^,** #.....dqdD....# **,,,,
,,,,,** ##......LXX....#* **,,,
,,,,** #......XL*X.....* **,,
***** ########*#######**** ***
#@*# *,,,,,,* ######.#####...,,,*
#.......##....,,,,* ########
#.......##...#***** .......#
#........#...# ####### .......#
#........#...####......
.......####........#......#......
.......#...........#.)....#......
.......#.............)...........


You could see 3 orbs of fire, a purple draconian monk, 3 ancient liches, a storm
dragon, a black draconian, a purple draconian shifter and 3 Orb Guardians.

Vanquished Creatures
  Cerebov (Pan)
  Antaeus (Coc:7)
  Asmodeus (Geh:7)
  the Royal Jelly (Slime:5)
  Ignacio (Pan)
  Lom Lobon (Pan)
  Mnoleg (Pan)
  the Serpent of Hell (Coc:7)
  8 ancient liches
  18 pandemonium lords (Pan)
  Dispater (Dis:7)
  Mara (Elf:3)
  Khufu (Crypt:3)
  2 orbs of fire
  Mennas (Crypt:1)
  2 juggernauts
  Sojobo (Tomb:2)
  26 greater mummies
  The ghost of MackTheFife the End of an Era, a veteran HOGl of Qazlal (Vaults:1)
  Margery (Vaults:2)
  the Lernaean hydra (Swamp:4)
  Saint Roka (Crypt:3)
  23 shard shrikes
  Bai Suzhen (Crypt:2)
  2 curse toes
  Geryon (Hell)
  13 golden dragons
  22 bone dragons
  An electric golem (Zot:4)
  13 doom hounds
  43 Tzitzimimeh
  8 iron giants
  28 Brimstone Fiends
  Jorgrun (Elf:2)
  18 liches
  29 Hell Sentinels
  9 tentacled monstrosities
  19 titans
  7 Orb Guardians (Zot:5)
  28 Ice Fiends
  8 deep elf master archers
  17 acid blobs
  7 deep elf blademasters
  3 quicksilver dragons
  2 death cobs
  Frances (Swamp:2)
  Kirke (D:14)
  14 ancient champions
  10 tentacled starspawn
  An eldritch tentacle (Abyss:3)
  28 Executioners (Pan)
  9 tengu reavers
  16 storm dragons
  16 sphinxes
  A thorn hunter (Swamp:4)
  26 shadow dragons
  33 fire giants
  5 revenants
  Roxanne (Elf:1)
  7 daevas
  6 draconian monks
  A fenstrider witch (Swamp:3)
  4 draconian knights
  27 warmongers (Pan)
  Aizul (Elf:2)
  11 azure jellies
  5 ghost moths
  27 frost giants
  20 vault wardens
  52 balrugs
  21 corrupters (Pan)
  11 iron dragons
  4 angels (Pan)
  3 deep elf elementalists (Elf:3)
  37 cacodemons
  8 deep elf sorcerers
  4 draconian shifters
  5 curse skulls
  13 ghouls
  6 draconian stormcallers
  3 elemental wellsprings (Coc:7)
  13 ironheart preservers
  6 emperor scorpions
  17 war gargoyles
  9 draconian annihilators
  16 vampire knights
  17 very ugly things
  9 bennus
  86 reapers
  Azrael (Elf:2)
  3 entropy weavers
  5 ophanim (Pan)
  38 stone giants
  19 blood saints (Pan)
  2 entropy weavers (shapeshifter)
  16 lorocyprocas
  12 black draconians
  Nessos (D:14)
  9 apis (Pan)
  11 purple draconians
  19 black suns (Pan)
  7 deep elf demonologists
  4 red draconians
  6 deep elf annihilators
  9 white draconians
  7 spark wasps
  11 green draconians
  4 bunyips
  A minotaur (Gauntlet)
  5 yellow draconians
  18 eidola
  36 blizzard demons
  6 eleionomae
  22 green deaths
  The ghost of Koqeumeerph the Quickloader, a journeyman HuHu of Okawaru (D:11)
  A crystal guardian (Vaults:2)
  22 mummy priests
  A merfolk impaler (Depths:3)
  14 deep elf death magi
  16 ettins
  16 death oozes
  A shambling mangrove (Swamp:4)
  15 great orbs of eyes
  8 jiangshi (Crypt:2)
  14 fire dragons
  4 deep elf high priests
  4 quicksilver dragon zombies
  2 kraken zombies
  8 quicksilver dragon skeletons
  13 yaktaur captains
  Harold (D:10)
  30 vault guards
  16 monstrous demonspawn (Pan)
  7 hell beasts
  24 ice dragons
  7 ghost crabs
  17 rakshasas
  2 spriggan air magi
  7 boulder beetles
  29 hydras
  A juggernaut simulacrum (Pan)
  A naga warrior (Abyss:3)
  13 centaur warriors
  6 alligators
  36 dancing weapons
  6 death knights
  A catoblepas (Abyss:3)
  69 two-headed ogres
  6 tengu warriors
  30 death scarabs
  21 hell hogs
  10 deep troll shamans
  18 thrashing horrors
  23 ogre magi
  4 death yaks
  15 deep troll earth magi
  3 spriggan berserkers
  11 vampire magi
  102 sun demons
  4 titan zombies
  4 goliath frogs
  8 storm dragon zombies
  27 deep elf knights
  7 iron golems
  96 soul eaters
  2 titan skeletons
  117 skeletal warriors
  5 spatial maelstroms
  15 wretched stars
  A fire crab (Abyss:3)
  A fire crab (shapeshifter) (Vaults:4)
  58 hell knights
  A salamander mystic (Depths:2)
  6 golden dragon zombies
  16 shadow wraiths
  3 storm dragon skeletons
  10 iron trolls
  A quicksilver dragon simulacrum (Crypt:1)
  24 torturous demonspawn (Pan)
  30 deep trolls
  59 sixfirhies
  3 ghost moth zombies
  9 glowing orange brains
  16 infernal demonspawn (Pan)
  13 flayed ghosts
  A kraken simulacrum (Hell)
  11 swamp dragons
  18 wizards
  5 cherubim (Pan)
  2 spectral anacondas (Depths:4)
  3 death drakes
  15 ironbrand convokers
  A lindwurm (shapeshifter) (Abyss:3)
  8 unseen horrors
  12 bog bodies
  2 harpies (shapeshifter)
  3 spriggan druids
  37 shadow demons
  8 shadow dragon zombies
  23 deep elf archers
  A spectral hydra (Depths:4)
  22 gelid demonspawn (Pan)
  2 orange crystal statues (Depths:4)
  11 anaconda zombies
  35 phantasmal warriors
  8 anaconda skeletons
  4 golden dragon skeletons
  A bunyip skeleton (Crypt:1)
  3 spectral wolf spiders (Spider:4)
  5 wolf spider zombies
  4 harpies (Vaults:2)
  10 orb spiders
  A lindwurm (Lair:6)
  31 necromancers
  14 orc knights
  4 mana vipers (Depths:4)
  9 stone giant zombies
  44 ugly things
  6 iron dragon zombies
  6 shadow dragon skeletons
  4 orc sorcerers
  75 deep elf magi
  11 cyclopes
  8 frost giant zombies
  23 wolf spiders
  14 fire giant zombies
  4 manticores
  6 will-o-the-wisps
  3 worldbinders (Abyss:2)
  6 iron dragon skeletons
  2 shining eyes
  18 moths of wrath
  115 large abominations
  2 shock serpent zombies
  5 salamanders (Depths:2)
  12 vault sentinels
  34 elephants
  2 guardian serpents (Abyss:3)
  8 black mambas
  2 ice statues
  6 stone giant skeletons
  3 frost giant skeletons
  A toenail golem (Pan)
  3 black mambas (shapeshifter)
  3 water nymphs (shapeshifter)
  9 dire elephant zombies
  53 rust devils
  5 eyes of devastation
  87 smoke demons
  10 molten gargoyles
  Psyche (D:10)
  2 torpor snails
  2 cane toads (shapeshifter)
  7 fire giant skeletons
  5 apocalypse crabs (Abyss:3)
  A shock serpent skeleton (Tar:3)
  4 gargoyles
  5 cane toads
  A storm dragon simulacrum (Coc:7)
  4 dire elephant skeletons
  37 hellions
  45 orange demons
  A black draconian zombie (Tar:7)
  An alligator snapping turtle skeleton (Crypt:2)
  10 kobold demonologists
  3 spectral merfolk (Depths:4)
  38 freezing wraiths
  13 ancient zymes
  2 rime drakes
  34 ice devils
  An iron troll zombie (Dis:5)
  2 catoblepas zombies
  A minotaur skeleton (Crypt:2)
  66 tormentors
  15 efreet
  53 hellwings
  3 emperor scorpion zombies
  A red draconian skeleton (Crypt:2)
  15 komodo dragons
  2 redback zombies (Spider:4)
  52 demonic crawlers
  A golden dragon simulacrum (Coc:2)
  14 hydra zombies
  69 red devils
  2 tengu conjurers
  42 yaktaurs
  43 guardian mummies
  18 polar bears
  A yaktaur skeleton (Vaults:3)
  A catoblepas skeleton (Pan)
  5 harpy zombies
  4 silent spectres
  13 trolls
  A meliai (shapeshifter) (Depths:3)
  2 wind drakes (shapeshifter)
  34 jumping spiders
  A queen bee (shapeshifter) (Vaults:3)
  3 spectral tarantellas (Spider:4)
  2 human skeletons
  4 meliai
  A jumping spider (shapeshifter) (Vaults:4)
  A hornet (shapeshifter) (Vaults:5)
  2 spectral jumping spiders (Spider:4)
  11 tyrant leeches
  14 hydra skeletons
  4 jumping spider zombies
  A moth of wrath zombie (Crypt:2)
  18 hornets
  A raiju (shapeshifter) (Vaults:1)
  28 raiju
  8 alligator zombies
  2 tarantella zombies (Spider:4)
  18 blink frogs
  2 blink frogs (shapeshifter)
  4 harpy skeletons
  A death drake skeleton (Crypt:1)
  4 fire dragon zombies
  8 ettin zombies
  9 dream sheep
  A human simulacrum (Vaults:2)
  109 slime creatures
  2 black mamba zombies
  A stone giant simulacrum (Vaults:4)
  126 flying skulls
  5 ice dragon zombies
  5 air elementals
  2 tarantellas (shapeshifter)
  70 redbacks
  74 ynoxinuls
  6 ettin skeletons
  44 shadows
  4 fire dragon skeletons
  3 alligator skeletons
  42 wraiths
  7 wyverns
  4 spriggans
  23 tarantellas
  27 ushabtiu
  4 vampires
  6 ice dragon skeletons
  64 yaks
  22 water elementals
  5 basilisks
  3 black mamba skeletons
  9 fire bats
  A golden eye (shapeshifter) (Depths:1)
  28 fire elementals
  3 vampire mosquitoes (D:14)
  61 chaos spawn
  3 steam dragons
  5 golden eyes (Abyss:2)
  62 neqoxecs
  4 hogs (D:14)
  A yaktaur simulacrum (Vaults:4)
  10 spatial vortices
  A minotaur simulacrum (Depths:4)
  11 wargs
  17 swamp worms
  A harpy simulacrum (Coc:4)
  A soldier ant (shapeshifter) (Vaults:1)
  3 nagas (Abyss:3)
  3 soldier ants
  6 cane toad zombies
  2 insubstantial wisps (D:10)
  A merfolk zombie (Dis:7)
  A naga (shapeshifter) (Vaults:1)
  A water moccasin (shapeshifter) (Depths:1)
  13 water moccasins
  5 floating eyes
  63 hell hounds
  2 spectral trolls (Depths:4)
  2 acid dragons
  2 hydra simulacra (Depths:4)
  6 swamp drakes (Swamp:4)
  A floating eye (shapeshifter) (Vaults:5)
  2 hornet zombies
  5 manticore zombies
  44 small abominations
  2 spectral spriggans (Depths:4)
  12 phantoms
  2 spectral hornets (Spider:4)
  An ettin simulacrum (Coc:7)
  6 ice beasts
  27 orc warriors
  2 black bears
  12 eyes of draining
  22 necrophages
  4 cane toad skeletons
  10 sky beasts
  4 swamp dragon zombies
  6 snapping turtle zombies
  59 ogres
  A swamp dragon skeleton (Tar:1)
  7 boggarts
  27 wolves
  7 snapping turtle skeletons
  19 centaurs
  3 manticore skeletons
  10 big kobolds
  19 bullfrogs
  A komodo dragon zombie (Crypt:2)
  6 elf zombies
  A merfolk simulacrum (Coc:7)
  2 wyvern zombies
  2 earth elementals
  13 wyvern skeletons (Crypt:3)
  5 scorpions
  3 spectral nagas (Depths:4)
  108 wights
  7 killer bees
  A swamp dragon simulacrum (Coc:2)
  18 crimson imps
  A spriggan skeleton (Tar:3)
  2 electric eels
  A howler monkey (D:9)
  5 lava snakes (Lair:6)
  8 centaur zombies
  5 spectral centaurs (Depths:4)
  A basilisk zombie (Crypt:1)
  5 hounds
  2 quasits (Abyss:3)
  A wolf skeleton (Crypt:1)
  51 starcursed masses
  2 bullfrog zombies
  A gnoll shaman (D:6)
  4 jellies
  9 orc wizards
  12 human zombies
  7 orc priests
  A black bear zombie (Crypt:2)
  5 bullfrog skeletons
  8 centaur skeletons
  37 iron imps
  9 iguanas
  A merfolk siren (Sewer)
  4 hell rats (Hell)
  13 worker ants
  2 merfolk avatars
  A deep dwarf zombie (Crypt:1)
  A naga zombie (Tar:7)
  64 mummies
  4 hound skeletons
  A worker ant zombie (D:8)
  15 adders
  3 gnolls (D:6)
  4 river rats
  16 shadow imps
  28 white imps
  6 ufetubi
  2 oozes
  A worm (D:7)
  A worm (shapeshifter) (Elf:1)
  A dart slug (D:1)
  10 leopard geckos
  78 orcs
  9 ball pythons
  7 bats
  5 giant cockroaches
  5 goblins
  6 hobgoblins
  13 jackals
  6 quokkas
  15 frilled lizards
  A jackal skeleton (Crypt:2)
  23 kobolds
  A kobold skeleton (Coc:4)
  2 quokka zombies
  29 rats
  5 briar patches (Swamp:4)
  4 bushes (Depths:3)
  2 crawling corpses (Elf:3)
  2 lurking horrors (Abyss:3)
  16 starspawn tentacles
  6 tentacles
6237 creatures vanquished.

Vanquished Creatures (collateral kills)
  Ereshkigal (Tar:7)
  Gloorx Vloq (Pan)
  2 pandemonium lords (Pan)
  8 greater mummies
  A shard shrike (Coc:7)
  7 Tzitzimimeh
  2 bone dragons
  An iron giant (Dis:7)
  4 Brimstone Fiends (Pan)
  2 Hell Sentinels (Dis:7)
  A tentacled monstrosity (Abyss:3)
  A lich (Abyss:3)
  3 acid blobs (Slime:5)
  An Executioner (Tomb:3)
  3 tentacled starspawn (Abyss:3)
  A sphinx (Tomb:1)
  An eldritch tentacle (Pan)
  A shadow dragon (Hell)
  A blood saint (Pan)
  4 daevas (Pan)
  3 iron dragons (Dis:7)
  2 balrugs
  2 cacodemons
  2 angels (Pan)
  4 reapers
  An apis (Pan)
  5 war gargoyles (Dis:7)
  2 lorocyprocas (Pan)
  A bennu (Tomb:1)
  2 wizards
  3 mummy priests
  3 blizzard demons
  4 death oozes (Slime:5)
  A kraken zombie (Coc:7)
  2 great orbs of eyes (Slime:5)
  A monstrous demonspawn (Pan)
  An ice dragon (Coc:7)
  3 starcursed masses (Abyss:3)
  A naga warrior (Abyss:3)
  A hell beast (Pan)
  2 death scarabs (Tomb:2)
  A titan zombie (Coc:7)
  A thrashing horror (Abyss:3)
  2 hell hogs (Abyss:3)
  2 soul eaters (Pan)
  2 storm dragon zombies
  An iron golem (Dis:7)
  A shadow wraith (Hell)
  A hell knight (Dis:5)
  4 sun demons
  2 sixfirhies
  15 skeletal warriors
  2 wretched stars (Abyss:3)
  A fire crab (Abyss:3)
  An iron troll (Dis:7)
  A spatial maelstrom (Abyss:3)
  A flayed ghost (Tar:7)
  A torturous demonspawn (Pan)
  A swamp dragon (Abyss:3)
  A gelid demonspawn (Pan)
  A shadow demon (Dis:7)
  A wolf spider zombie (Dis:7)
  A necromancer (Hell)
  An iron dragon zombie (Dis:7)
  An ugly thing (Abyss:3)
  A frost giant zombie (Geh:7)
  A shadow dragon skeleton (Hell)
  2 stone giant zombies (Dis:7)
  An iron dragon skeleton (Tomb:2)
  An ice statue (Hell)
  8 smoke demons
  A fire giant skeleton (Coc:7)
  4 orange demons
  3 rust devils
  A molten gargoyle (Hell)
  6 hellions
  An emperor scorpion zombie (Geh:7)
  A catoblepas zombie (Dis:7)
  2 ancient zymes (Abyss:3)
  A hellwing (Pan)
  A freezing wraith (Abyss:3)
  5 guardian mummies
  2 ice devils (Coc:7)
  A tormentor (Pan)
  A hydra zombie (Hell)
  2 demonic crawlers
  2 red devils (Pan)
  A fire dragon zombie (Dis:7)
  6 raiju (Abyss:3)
  A slime creature (Slime:5)
  7 large abominations
  An alligator zombie (Hell)
  4 flying skulls
  A water elemental (Coc:7)
  2 ynoxinuls (Pan)
  A wraith (Dis:5)
  An ushabti (Tomb:1)
  A wyvern (Abyss:3)
  2 shadows (Tar:7)
  A fire elemental (Hell)
  A chaos spawn (Abyss:3)
  2 spatial vortices (Abyss:3)
  3 neqoxecs
  A hydra simulacrum (Hell)
  A floating eye (Slime:5)
  A sky beast (Abyss:3)
  A snapping turtle zombie (Dis:7)
  2 eyes of draining
  2 small abominations (Abyss:3)
  A wight (Coc:7)
  A quasit (Abyss:3)
  3 iron imps
  3 hell rats (Hell)
  4 mummies
  A white imp (Abyss:3)
  2 ufetubi (Abyss:3)
  A starspawn tentacle (Abyss:3)
  A tentacle (Hell)
246 creatures vanquished.

Vanquished Creatures (others)
  A doom hound (Tar:1)
  An Orb Guardian (Zot:5)
  A tengu reaver (Tomb:2)
  A fire giant (Vaults:4)
  A cacodemon (Pan)
  A draconian annihilator (Pan)
  A war gargoyle (Dis:7)
  A very ugly thing (Depths:4)
  A red draconian (Zot:3)
  A blizzard demon (Pan)
  A deep elf death mage (Elf:3)
  2 green deaths (Pan)
  A quicksilver dragon skeleton (Tar:3)
  A centaur warrior (Depths:2)
  2 dancing weapons (Elf:2)
  A thrashing horror (Abyss:3)
  A deep elf knight (Elf:3)
  4 hell knights
  2 wizards
  A necromancer (Geh:4)
  4 deep elf magi
  Maurice (D:12)
  A red devil (Pan)
  3 bloated husks
  A tyrant leech (Swamp:3)
  A raiju (Abyss:3)
  A flying skull (Tomb:2)
  A ynoxinul (Pan)
  A vampire (Depths:4)
  A wyvern (D:11)
  A water elemental (Hell)
  A fire elemental (Hell)
  2 chaos spawn (Pan)
  A naga (Abyss:3)
  A hell hound (Depths:4)
  An ogre (Vaults:3)
  A wight (Tar:6)
  3 iron imps (Dis:7)
  An orc wizard (D:11)
  A worker ant zombie (D:11)
  12 ball lightnings (Pan)
  A kobold (D:15)
  An orc skeleton (Geh:4)
  5 bushes
  3 demonic plants (Pan)
  23 foxfires
  24 fungi
  A lurking horror (Abyss:3)
  50 plants
  27 starspawn tentacles
  7 tentacles
  16 withered plants
224 creatures vanquished.

Grand Total: 6707 creatures vanquished

Notes
Turn   | Place    | Note
-------+----------+-------------------------------------------
     0 | D:1      | mattiecakes the Gargoyle Fighter began the quest for the
                  | Orb.
     0 | D:1      | Reached XP level 1. HP: 14/14 MP: 1/1
   150 | D:1      | Reached XP level 2. HP: 18/19 MP: 2/2
   575 | D:2      | Reached XP level 3. HP: 19/24 MP: 3/3
  1046 | D:2      | Reached XP level 4. HP: 26/29 MP: 4/4
  1525 | D:2      | Found a burning altar of Makhleb.
  1525 | D:2      | Found a hide-covered altar of Uskayaw.
  2070 | D:3      | Found a glowing silver altar of Zin.
  2178 | D:3      | Reached XP level 5. HP: 22/33 MP: 5/5
  2740 | D:4      | Reached XP level 6. HP: 39/39 MP: 6/6
  3096 | D:4      | Reached skill level 5 in Fighting
  3122 | D:4      | Reached skill level 5 in Shields
  3305 | D:5      | Entered Level 5 of the Dungeon
  3309 | D:5      | Noticed an ice beast
  3316 | D:5      | Killed an ice beast
  3317 | D:5      | Reached skill level 5 in Armour
  3317 | D:5      | Reached XP level 7. HP: 44/44 MP: 7/7
  3821 | D:5      | Found a glowing drain.
  3831 | Sewer    | Entered a sewer
  4579 | D:6      | Reached XP level 8. HP: 51/51 MP: 8/8
  5090 | D:6      | Found a staircase to the Ecumenical Temple.
  5367 | D:7      | Noticed a two-headed ogre
  5747 | D:8      | Reached skill level 5 in Axes
  6074 | Temple   | Entered the Ecumenical Temple
  6212 | Temple   | Became a worshipper of Warmaster Okawaru
  6273 | D:7      | Reached XP level 9. HP: 52/56 MP: 9/9
  6330 | D:7      | Killed a two-headed ogre
  6330 | D:7      | Reached * piety under Okawaru
  6507 | D:7      | Found a snail-covered altar of Cheibriados.
  6807 | D:8      | Found a basalt altar of Yredelemnul.
  6811 | D:8      | Reached ** piety under Okawaru
  6881 | D:8      | Found a staircase to the Lair.
  7064 | D:8      | Found Vagawn's Weapon Emporium.
  7118 | D:8      | Reached XP level 10. HP: 56/64 MP: 12/12
  7309 | D:8      | Noticed a boulder beetle
  7475 | D:8      | Killed a boulder beetle
  7531 | D:8      | Noticed a green ugly thing
  7548 | D:8      | Killed a green ugly thing
  7548 | D:8      | Reached *** piety under Okawaru
  7559 | D:8      | Found a bloodstained altar of Trog.
  7567 | D:8      | Found a basalt altar of Yredelemnul.
  7727 | D:9      | Found a shadowy altar of Dithmenos.
  7791 | D:9      | Reached skill level 5 in Invocations
  7819 | D:9      | Noticed a harpy
  7826 | D:9      | Killed a harpy
  7837 | D:9      | Reached **** piety under Okawaru
  7890 | D:9      | Noticed a deep elf mage
  7899 | D:9      | Killed a deep elf mage
  7909 | D:9      | Reached XP level 11. HP: 53/71 MP: 15/15
  8791 | D:10     | Entered Level 10 of the Dungeon
  8801 | D:10     | Reached ***** piety under Okawaru
  8897 | D:10     | Noticed Psyche
  8909 | D:10     | Killed Psyche
  9069 | D:10     | Found a staircase to the Orcish Mines.
  9104 | D:10     | Cast into level 1 of the Abyss (wight)
  9184 | Abyss:1  | Noticed a large abomination
  9251 | Abyss:1  | Noticed a tentacled starspawn
  9327 | Abyss:1  | Noticed a starcursed mass
  9413 | Abyss:1  | Noticed a red very ugly thing
  9479 | Abyss:1  | Noticed a starcursed mass
  9490 | Abyss:1  | Noticed a white draconian shifter
  9528 | D:10     | Escaped the Abyss
  9679 | D:10     | Noticed Harold
  9699 | D:10     | Killed Harold
  9707 | D:10     | Reached skill level 10 in Shields
  9710 | D:10     | Reached skill level 10 in Fighting
  9715 | D:10     | Reached skill level 10 in Armour
 10316 | D:10     | Received a gift from Okawaru
 10442 | D:10     | Noticed a two-headed ogre
 10455 | D:10     | Killed a two-headed ogre
 10456 | D:10     | Reached XP level 12. HP: 77/77 MP: 15/17
 10673 | D:8      | Bought the +5 war axe "Tocs" {flame, Str+3} for 669 gold
                  | pieces
 10701 | Lair:1   | Entered Level 1 of the Lair of Beasts
 11369 | Lair:1   | Noticed an eight-headed hydra
 11383 | Lair:1   | Killed a one-headed hydra
 11876 | Lair:2   | Noticed a six-headed hydra
 11883 | Lair:2   | Killed a one-headed hydra
 11898 | Lair:2   | Found a gate leading to a gauntlet.
 11920 | Gauntlet | Entered a Gauntlet
 11920 | Gauntlet | Found a transporter.
 11928 | Gauntlet | Found a transporter.
 11929 | Gauntlet | Found a transporter.
 11940 | Gauntlet | Found a transporter.
 11944 | Gauntlet | Found a transporter.
 11947 | Gauntlet | Noticed a ghost crab
 11953 | Gauntlet | Found a transporter.
 11968 | Gauntlet | Found a transporter.
 11971 | Gauntlet | Noticed a thrashing horror
 11974 | Gauntlet | Noticed a thrashing horror
 11978 | Gauntlet | Found a transporter.
 11987 | Gauntlet | Found a runed translucent door.
 11988 | Gauntlet | Found a transporter.
 11989 | Gauntlet | Found a runed translucent door.
 11989 | Gauntlet | Noticed a thrashing horror
 11990 | Gauntlet | Noticed a thrashing horror
 11993 | Gauntlet | Found a transporter.
 11993 | Gauntlet | Found a transporter.
 12021 | Gauntlet | Found a transporter.
 12021 | Gauntlet | Found a transporter.
 12073 | Gauntlet | Found a transporter.
 12321 | Gauntlet | Got a bound copper ring
 12333 | Gauntlet | Identified the ring "Abecoc" {+Fly Dex+3 Stlth+} (You found
                  | it in a Gauntlet)
 12344 | Gauntlet | Killed a thrashing horror
 12347 | Gauntlet | Killed a thrashing horror
 12347 | Gauntlet | Reached ****** piety under Okawaru
 12355 | Gauntlet | Got a pair of transparent boots
 12366 | Gauntlet | Identified the cursed -7 pair of boots of Zaint {rElec
                  | Int-3 Dex+4 Slay+5} (You found it in a Gauntlet)
 12402 | Gauntlet | Noticed a minotaur
 12421 | Gauntlet | Killed a minotaur
 12794 | Lair:2   | Noticed a seven-headed hydra
 12806 | Lair:2   | Killed a one-headed hydra
 12807 | Lair:2   | Reached XP level 13. HP: 60/84 MP: 19/19
 12809 | Lair:2   | Received a gift from Okawaru
 13712 | Lair:3   | Found a hole to the Spider Nest.
 13726 | Lair:3   | Got a scintillating amber ring
 13880 | Lair:3   | Found a staircase to the Swamp.
 14128 | Lair:3   | Received a gift from Okawaru
 14158 | Lair:3   | Identified the ring "Rualuumo" {rPois rF- rC+ MR++ rCorr}
                  | (You found it on level 3 of the Lair of Beasts)
 14722 | Lair:4   | Reached skill level 10 in Axes
 14863 | Lair:4   | Identified Pete's Reference Book on Twisted Changing
 14928 | Lair:4   | Reached skill level 10 in Invocations
 15158 | Lair:4   | Noticed an ice dragon
 15489 | Lair:4   | Killed an ice dragon
 16114 | Lair:5   | Gained mutation: Your large and strong wings let you fly
                  | indefinitely. [Gargoyle growth]
 16114 | Lair:5   | Reached XP level 14. HP: 82/92 MP: 21/21
 16848 | Lair:6   | Entered Level 6 of the Lair of Beasts
 16858 | Lair:6   | Received a gift from Okawaru
 17208 | Lair:6   | Found a staircase to the Slime Pits.
 17208 | Lair:6   | Found a viscous altar of Jiyva.
 17949 | Lair:6   | Found a large runed translucent door.
 17949 | Lair:6   | Found a large runed translucent door.
 17957 | Lair:6   | Received a gift from Okawaru
 18127 | Lair:6   | Got a faintly glowing broad axe {god gift}
 18128 | Lair:6   | Identified the +5 broad axe of Zisac {vorpal, +Blink rN+
                  | SInv} (Okawaru gifted it to you on level 6 of the Lair of
                  | Beasts)
 18500 | D:11     | Reached XP level 15. HP: 99/99 MP: 23/23
 18628 | D:11     | Received a gift from Okawaru
 18753 | D:11     | Noticed Koqeumeerph's ghost (journeyman HuHu)
 18754 | D:11     | Found a runed translucent gate.
 18754 | D:11     | Identified the +5 glaive of Hepliaklqana's Favour {freeze,
                  | +Inv rF+ rC- Int+3}
 18755 | D:11     | Found a runed translucent gate.
 18756 | D:11     | Found a roughly hewn altar of Beogh.
 18756 | D:11     | Found a runed translucent gate.
 18905 | D:11     | Killed Koqeumeerph's ghost
 18937 | D:11     | Got a pair of twisted gloves
 18940 | D:11     | Got a pair of shimmering boots
 18953 | D:11     | Identified the +4 pair of gloves of Dice, Bag, and Bottle
                  | {Int+4} (You found it on level 11 of the Dungeon)
 18963 | D:11     | Identified the +2 pair of boots "Taopo" {SInv} (You found
                  | it on level 11 of the Dungeon)
 19083 | D:11     | Identified the +10 trident of Dopiff {vorpal, SInv}
 20386 | D:12     | Noticed a tengu reaver
 20387 | D:12     | Noticed Maurice
 20393 | D:12     | Killed Maurice
 20903 | D:12     | Received a gift from Okawaru
 21012 | D:12     | Killed a tengu reaver
 21297 | D:13     | Found Vatyadd's Jewellery Boutique.
 21333 | D:13     | Found a gate to the Vaults.
 21859 | D:13     | Received a gift from Okawaru
 21860 | D:13     | Found the +8 frozen axe "Frostbite" {freezing cloud, *Noise
                  | +Fly rC+}
 22332 | D:13     | Noticed a storm dragon
 22354 | D:13     | Killed a storm dragon
 22355 | D:13     | Reached XP level 16. HP: 70/105 MP: 25/25
 22383 | D:13     | Identified Xujogag's Arcane Secrets of Theurgy
 23063 | D:14     | Noticed Nessos
 23080 | D:14     | Killed Nessos
 23393 | D:14     | Received a gift from Okawaru
 23431 | D:14     | Found Iviwko Juchu's Antique Weapon Shoppe.
 23499 | D:14     | Gained mutation: You are frail. (-10% HP) [a neqoxec]
 23709 | D:14     | Noticed Kirke
 23734 | D:14     | Received a gift from Okawaru
 23736 | D:14     | Killed Kirke
 23878 | D:15     | Entered Level 15 of the Dungeon
 24124 | D:15     | Received a gift from Okawaru
 24809 | D:15     | Found a staircase to the Depths.
 25077 | Orc:1    | Entered Level 1 of the Orcish Mines
 25124 | Orc:1    | Found Axiam's Magic Scroll Shoppe.
 25125 | Orc:1    | Found Poessudgh's Gadget Shop.
 25163 | Orc:1    | Bought a scroll of teleportation for 54 gold pieces
 25163 | Orc:1    | Bought a scroll of blinking for 135 gold pieces
 25163 | Orc:1    | Bought a scroll of identify for 36 gold pieces
 25163 | Orc:1    | Bought a scroll of identify for 36 gold pieces
 25163 | Orc:1    | Bought a scroll of identify for 36 gold pieces
 25232 | Orc:1    | Found Usiolaydwo's Assorted Antiques.
 25258 | Orc:1    | Found Zinaiq's Book Shop.
 25353 | Orc:1    | Found Ciatt's Book Shoppe.
 25437 | Orc:1    | You are sucked into a shaft and drop 1 floor!
 25437 | Orc:2    | Entered Level 2 of the Orcish Mines
 25488 | Orc:2    | Found a frozen archway.
 25546 | IceCv    | Entered an ice cave
 26407 | IceCv    | Reached skill level 15 in Axes
 26903 | IceCv    | Got a shimmering golden ring
 27234 | Orc:2    | Reached XP level 17. HP: 98/99 MP: 26/26
 27384 | Orc:2    | Found Silowuebb's Distillery.
 27472 | Orc:2    | Bought a potion of heal wounds for 75 gold pieces
 27472 | Orc:2    | Bought a potion of heal wounds for 75 gold pieces
 27582 | Orc:2    | Found Wuyg's Armour Emporium.
 27583 | Orc:2    | Found Wiqumacy's Weapon Shop.
 27583 | Orc:2    | Found Revuol's Weapon Shoppe.
 27583 | Orc:2    | Found Apludy's Jewellery Shop.
 27604 | Orc:2    | Found a staircase to the Elven Halls.
 28006 | Swamp:1  | Entered Level 1 of the Swamp
 28031 | Swamp:1  | Received a gift from Okawaru
 28055 | Swamp:1  | Got a jewelled hat {god gift}
 28062 | Swamp:1  | Identified the +2 hat of Tomorrow {Str+6 Dex+2} (Okawaru
                  | gifted it to you on level 1 of the Swamp)
 29061 | Swamp:2  | Found a transporter.
 29078 | Swamp:2  | Noticed a profane servitor
 29106 | Swamp:2  | Identified the +4 lajatang of Wickug {distort, rF++}
 29107 | Swamp:2  | Noticed Zatibaps's ghost (journeyman FeVM)
 29108 | Swamp:2  | Found a one-way gate to the infinite horrors of the Abyss.
 29129 | Swamp:2  | Found a transporter.
 29383 | Swamp:2  | Noticed Frances
 29394 | Swamp:2  | Killed Frances
 30891 | Swamp:3  | Received a gift from Okawaru
 30943 | Swamp:4  | Entered Level 4 of the Swamp
 30952 | Swamp:4  | Reached skill level 15 in Shields
 31426 | Swamp:4  | Reached XP level 18. HP: 104/104 MP: 27/27
 31820 | Swamp:4  | Identified the ring "Wingud" {+Inv rF+ rC+ Dex+4} (You
                  | found it in an ice cave)
 32353 | Swamp:4  | Noticed the 27-headed Lernaean hydra
 32372 | Swamp:4  | Killed the 18-headed Lernaean hydra
 32662 | Swamp:4  | Got a decaying rune of Zot
 32911 | Spider:1 | Entered Level 1 of the Spider Nest
 33055 | Spider:1 | Received a gift from Okawaru
 33058 | Spider:1 | Got a brightly glowing crystal plate armour {god gift}
 33059 | Spider:1 | Identified the +14 crystal plate armour of Kleptomania
                  | {+Blink rC+ Int+3} (Okawaru gifted it to you on level 1 of
                  | the Spider Nest)
 34915 | Swamp:3  | Got a pair of scorched gloves {god gift}
 34926 | Swamp:3  | Identified the +1 pair of gloves "Sierarph" {rC- rN+ rCorr
                  | Str+6 Dex-5} (Okawaru gifted it to you on level 3 of the
                  | Swamp)
 35722 | Spider:4 | Entered Level 4 of the Spider Nest
 36080 | Spider:4 | Received a gift from Okawaru
 36083 | Spider:4 | Got an ebony broad axe {god gift}
 36252 | Spider:4 | Reached XP level 19. HP: 109/109 MP: 28/28
 36286 | Spider:4 | Identified the +6 broad axe "Heveumn" {freeze, Int+2}
                  | (Okawaru gifted it to you on level 4 of the Spider Nest)
 36982 | Spider:4 | Received a gift from Okawaru
 36995 | Spider:4 | Reached skill level 15 in Armour
 37237 | Spider:4 | Got a gossamer rune of Zot
 38055 | Elf:1    | Entered Level 1 of the Elven Halls
 38104 | Elf:1    | Reached skill level 15 in Fighting
 38383 | Elf:1    | Noticed Roxanne
 38414 | Elf:1    | Killed Roxanne
 39357 | Elf:1    | Cast into level 3 of the Abyss (+0 trident of distortion)
 39680 | Abyss:3  | Received a gift from Okawaru
 39713 | Abyss:4  | Reached XP level 20. HP: 74/117 MP: 23/26
 39717 | Elf:1    | Escaped the Abyss
 40001 | Elf:2    | Found Wasuehu Vury's Book Boutique.
 40063 | Elf:2    | Found Kaculu's Magic Scroll Boutique.
 40066 | Elf:2    | Bought a scroll of brand weapon for 240 gold pieces
 40066 | Elf:2    | Bought a scroll of enchant weapon for 90 gold pieces
 40066 | Elf:2    | Bought a scroll of summoning for 114 gold pieces
 40066 | Elf:2    | Bought a scroll of teleportation for 36 gold pieces
 40075 | Elf:2    | Found Bavoduje's Gadget Shop.
 40090 | Elf:2    | Found Damop's Weapon Shop.
 40090 | Elf:2    | Noticed Aizul
 40103 | Elf:2    | Killed Aizul
 40195 | Elf:2    | Found a runed translucent gate.
 40197 | Elf:2    | Found a runed translucent gate.
 40200 | Elf:2    | Found a runed translucent gate.
 40216 | Elf:2    | Found an ancient bone altar of Kikubaaqudgha.
 40266 | Elf:2    | Found Zicwuos's Distillery.
 40278 | Elf:2    | Bought a potion of heal wounds for 60 gold pieces
 40278 | Elf:2    | Bought 2 potions of heal wounds for 120 gold pieces
 40278 | Elf:2    | Bought a potion of cancellation for 96 gold pieces
 40278 | Elf:2    | Bought a potion of curing for 36 gold pieces
 40278 | Elf:2    | Bought a potion of mutation for 96 gold pieces
 40310 | Elf:2    | Got a flickering silver ring
 40415 | Elf:2    | Noticed Jorgrun
 40416 | Elf:2    | Noticed Azrael
 40805 | Elf:2    | Killed Jorgrun
 40811 | Elf:2    | Killed Azrael
 40931 | Elf:2    | Received a gift from Okawaru
 41222 | Elf:3    | Entered Level 3 of the Elven Halls
 41425 | Elf:3    | Identified the ring of Cug Gycat {*Contam MR+ Str+6 Slay+3}
                  | (You found it on level 2 of the Elven Halls)
 41476 | Elf:3    | Gained mutation: Scrolls take you a little longer to read.
                  | [mutagenic glow]
 41478 | Elf:3    | Noticed Mara
 41481 | Elf:3    | Noticed mattiecakes's illusion
 41503 | Elf:3    | Killed Mara
 41962 | Elf:3    | Received a gift from Okawaru
 41999 | Elf:3    | Reached XP level 21. HP: 123/123 MP: 27/30
 42219 | Elf:3    | Identified the Catalogue of Shifting Companions
 42232 | Elf:3    | Identified the Volume of Harmful Toxins
 42916 | Depths:1 | Entered Level 1 of the Depths
 43126 | Depths:1 | Found a one-way gate leading to the halls of Pandemonium.
 43220 | Depths:1 | Received a gift from Okawaru
 43226 | Depths:1 | Found a gateway to a ziggurat.
 43228 | Depths:1 | Found Hulecu's One-of-a-Kind Books.
 44131 | Depths:1 | Found a gateway to Hell.
 44257 | Depths:1 | You are sucked into a shaft and drop 1 floor!
 44264 | Depths:2 | Received a gift from Okawaru
 44548 | Depths:2 | Received a gift from Okawaru
 44549 | Depths:2 | Reached XP level 22. HP: 128/130 MP: 31/31
 44608 | Depths:2 | Found a flickering gateway to a bazaar.
 44610 | Bazaar   | Entered a bazaar
 44832 | Bazaar   | Found Uzeommeo's Weapon Emporium.
 44832 | Bazaar   | Found Xasuv's Assorted Antiques.
 44853 | Bazaar   | Found Cow Goaz's Armour Emporium.
 44868 | Bazaar   | Found Vininuo's Magic Scroll Emporium.
 44868 | Bazaar   | Found Ehuaris's Weapon Shoppe.
 44917 | Bazaar   | Bought a scroll of enchant armour for 112 gold pieces
 44917 | Bazaar   | Bought a scroll of enchant armour for 112 gold pieces
 44917 | Bazaar   | Bought a scroll of teleportation for 45 gold pieces
 44917 | Bazaar   | Bought a scroll of teleportation for 45 gold pieces
 44917 | Bazaar   | Bought a scroll of blinking for 112 gold pieces
 44951 | Bazaar   | Bought a potion of curing for 63 gold pieces
 44951 | Bazaar   | Bought a potion of heal wounds for 105 gold pieces
 44951 | Bazaar   | Bought a potion of heal wounds for 105 gold pieces
 45238 | Depths:2 | Noticed a juggernaut
 45254 | Depths:2 | Killed a juggernaut
 45352 | Depths:2 | Identified the Incunabulum of Weightlessness and the Oath
 45642 | Depths:2 | Paralysed by a floating eye for 2 turns
 46138 | Depths:3 | Received a gift from Okawaru
 46512 | Depths:3 | Noticed a golden dragon
 46529 | Depths:3 | Killed a golden dragon
 46530 | Depths:3 | Identified the +9 spear of Offence {freeze, +Blink MR+
                  | Str+3 Dex+4}
 46804 | Depths:3 | Reached XP level 23. HP: 137/137 MP: 32/32
 46951 | Depths:3 | Noticed a golden dragon
 46965 | Depths:3 | Killed a golden dragon
 46965 | Depths:3 | Received a gift from Okawaru
 47311 | Depths:3 | Received a gift from Okawaru
 47609 | Depths:4 | You are sucked into a shaft and drop 1 floor!
 47609 | Depths:5 | Entered Level 5 of the Depths
 47630 | Depths:5 | Noticed a golden dragon
 47640 | Depths:5 | Killed a golden dragon
 47777 | Depths:5 | Received a gift from Okawaru
 48088 | Depths:5 | Found a gate to the Realm of Zot.
 48143 | Depths:5 | Noticed a juggernaut
 48163 | Depths:5 | Killed a juggernaut
 48490 | Depths:4 | Noticed an ancient lich
 48510 | Depths:4 | Killed an ancient lich
 49061 | Depths:4 | Reached XP level 24. HP: 144/144 MP: 32/32
 49195 | Depths:4 | Paralysed by a floating eye for 4 turns
 49211 | Depths:4 | Received a gift from Okawaru
 49227 | Depths:4 | Got an iridescent broad axe {god gift}
 49230 | Depths:4 | Identified the +2 broad axe of Analysis {flame, rC+}
                  | (Okawaru gifted it to you on level 4 of the Depths)
 49561 | Depths:4 | Reached XP level 25. HP: 149/149 MP: 32/32
 49562 | Depths:4 | Reached skill level 5 in Dodging
 49562 | Depths:4 | Reached XP level 26. HP: 154/154 MP: 32/32
 49743 | Vaults:1 | Entered Level 1 of the Vaults
 49863 | Orc:1    | Bought a manual of Invocations for 1214 gold pieces
 50246 | Vaults:1 | Found a runed translucent gate.
 50246 | Vaults:1 | Noticed MackTheFife's ghost (veteran HOGl)
 50247 | Vaults:1 | Found a runed translucent gate.
 50248 | Vaults:1 | Found a runed translucent gate.
 50369 | Vaults:1 | Killed MackTheFife's ghost
 50702 | Vaults:1 | Received a gift from Okawaru
 50991 | Vaults:1 | Found Koengem's Antique Armour Shoppe.
 52175 | Vaults:2 | Received a gift from Okawaru
 52186 | Vaults:2 | Got a pair of warped boots {god gift}
 52189 | Vaults:2 | Identified the +0 pair of boots "Ofakud" {MR+} (Okawaru
                  | gifted it to you on level 2 of the Vaults)
 52357 | Vaults:2 | Found a staircase to the Crypt.
 52357 | Vaults:2 | Found an ancient bone altar of Kikubaaqudgha.
 52358 | Vaults:2 | Found a basalt altar of Yredelemnul.
 52431 | Vaults:2 | Got an ichor-stained triple crossbow
 52434 | Vaults:2 | Identified the cursed +2 triple crossbow of Hiogeg {flame,
                  | rF- Dex+6} (You found it on level 2 of the Vaults)
 52439 | Vaults:2 | Got a transparent arbalest
 52442 | Vaults:2 | Identified the cursed +0 arbalest of Responsibility {venom,
                  | rElec Dex+2} (You found it on level 2 of the Vaults)
 52746 | Vaults:2 | Noticed Margery
 52773 | Vaults:2 | Killed Margery
 53131 | Vaults:3 | Reached skill level 15 in Invocations
 53149 | Vaults:3 | Reached XP level 27. HP: 157/161 MP: 34/34
 54523 | Vaults:4 | Found Peannyra's Antique Armour Shop.
 54821 | Vaults:4 | Received a gift from Okawaru
 55475 | Vaults:5 | Entered Level 5 of the Vaults
 55543 | Vaults:5 | Received a gift from Okawaru
 55729 | Vaults:5 | Received a gift from Okawaru
 55964 | Vaults:5 | Got a silver rune of Zot
 55964 | Vaults:5 | Identified the amulet "Hedenado" {Reflect rF+ Str+3 SH+5}
 55993 | Vaults:5 | Identified Quzoud's Reference Book on Mutagenic Orientation
 56039 | Vaults:5 | Found Paodd's Assorted Antiques.
 56076 | Vaults:5 | Bought a potion of heal wounds for 160 gold pieces
 56076 | Vaults:5 | Identified the Tome of Cold
 56454 | Vaults:5 | Identified the +9 rapier of the Throat {freeze, rElec rN+
                  | Int+4}
 56852 | Vaults:5 | Identified Poele's Disquisition on Unholy Hexes
 56854 | Vaults:5 | Identified Sif Muna's Compendium of the Frog
 57180 | Zot:1    | Entered Level 1 of the Realm of Zot
 57191 | Zot:1    | Noticed an orb of fire
 57195 | Zot:1    | Gained mutation: You are dopey. (Int -2) [an orb of fire]
 57195 | Zot:1    | Gained mutation: You are clumsy. (Dex -2) [an orb of fire]
 57204 | Zot:1    | Gained mutation: Your body sometimes deteriorates upon
                  | taking damage. [an orb of fire]
 57213 | Zot:1    | Killed an orb of fire
 57352 | Zot:1    | Received a gift from Okawaru
 57633 | Zot:1    | You are sucked into a shaft and drop 1 floor!
 58644 | Zot:3    | Lost mutation: Scrolls take you a little longer to read.
                  | [potion of mutation]
 58644 | Zot:3    | Lost mutation: Your body sometimes deteriorates upon taking
                  | damage. [potion of mutation]
 58644 | Zot:3    | Lost mutation: You are frail. (-10% HP) [potion of
                  | mutation]
 58644 | Zot:3    | Gained mutation: You possess an exceptional clarity of
                  | mind. [potion of mutation]
 58644 | Zot:3    | Gained mutation: You have sharp fingernails. [potion of
                  | mutation]
 58645 | Zot:3    | Lost mutation: You are clumsy. (Dex -2) [potion of
                  | mutation]
 58645 | Zot:3    | Lost mutation: You are dopey. (Int -2) [potion of mutation]
 58645 | Zot:3    | Lost mutation: You possess an exceptional clarity of mind.
                  | [potion of mutation]
 58645 | Zot:3    | Gained mutation: You are weak. (Str -2) [potion of
                  | mutation]
 58645 | Zot:3    | Gained mutation: Armour fits poorly on your strangely
                  | shaped body. [potion of mutation]
 58645 | Zot:3    | Gained mutation: You are very weak. (Str -4) [potion of
                  | mutation]
 58645 | Zot:3    | Lost mutation: You are very weak. (Str -4) [potion of
                  | mutation]
 58646 | Zot:3    | Lost mutation: Armour fits poorly on your strangely shaped
                  | body. [potion of mutation]
 58646 | Zot:3    | Lost mutation: You are weak. (Str -2) [potion of mutation]
 58646 | Zot:3    | Lost mutation: You have sharp fingernails. [potion of
                  | mutation]
 58646 | Zot:3    | Gained mutation: You tend to lose your temper in combat.
                  | [potion of mutation]
 58646 | Zot:3    | Gained mutation: You have a pair of small antennae on your
                  | head. [potion of mutation]
 58646 | Zot:3    | Gained mutation: Your spells are a little harder to cast,
                  | but a little more powerful. [potion of mutation]
 58647 | Zot:3    | Lost mutation: Your spells are a little harder to cast, but
                  | a little more powerful. [potion of mutation]
 58647 | Zot:3    | Lost mutation: You tend to lose your temper in combat.
                  | [potion of mutation]
 58647 | Zot:3    | Lost mutation: You have a pair of small antennae on your
                  | head. [potion of mutation]
 58647 | Zot:3    | Gained mutation: You are clumsy. (Dex -2) [potion of
                  | mutation]
 58647 | Zot:3    | Gained mutation: Your magical capacity is low. (-10% MP)
                  | [potion of mutation]
 58647 | Zot:3    | Lost mutation: You are clumsy. (Dex -2) [potion of
                  | mutation]
 58647 | Zot:3    | Gained mutation: You have a pair of small antennae on your
                  | head. [potion of mutation]
 58885 | Zot:3    | Noticed an orb of fire
 58892 | Zot:3    | Gained mutation: You are clumsy. (Dex -2) [an orb of fire]
 58899 | Zot:3    | Gained mutation: You occasionally shout uncontrollably at
                  | your foes. [an orb of fire]
 58901 | Zot:3    | Gained mutation: You are very clumsy. (Dex -4) [an orb of
                  | fire]
 58902 | Zot:3    | Killed an orb of fire
 59206 | Zot:3    | Received a gift from Okawaru
 59938 | Zot:4    | Found the +12 glaive of Prune {vorpal}
 60026 | Zot:4    | Identified the Tome of Toxins and Beguiling
 60520 | Zot:4    | Received a gift from Okawaru
 60927 | Temple   | Fell from the grace of Okawaru
 60927 | Temple   | Became a worshipper of the Shining One
 61248 | Crypt:1  | Entered Level 1 of the Crypt
 61849 | Crypt:1  | Reached * piety under the Shining One
 62165 | Crypt:1  | Reached ** piety under the Shining One
 62309 | Crypt:1  | Noticed Mennas
 62319 | Crypt:1  | Killed Mennas
 62353 | Crypt:1  | Reached *** piety under the Shining One
 62893 | Crypt:2  | Reached **** piety under the Shining One
 62903 | Crypt:2  | Noticed Bai Suzhen
 62924 | Crypt:2  | Killed Bai Suzhen
 62943 | Crypt:2  | Reached ***** piety under the Shining One
 62962 | Crypt:2  | Found the +12 Vampire's Tooth {vamp}
 63194 | Crypt:2  | Reached ****** piety under the Shining One
 63321 | Crypt:2  | Found a shimmering blue altar of Sif Muna.
 63322 | Crypt:2  | Found a transporter.
 63328 | Crypt:2  | Noticed an ancient lich
 63927 | Crypt:2  | Identified a +9 broad axe of holy wrath (a +9 broad axe of
                  | flaming blessed by the Shining One)
 63927 | Crypt:2  | Received a gift from the Shining One
 63998 | Crypt:2  | Killed an ancient lich
 64028 | Crypt:2  | Found a transporter.
 64238 | Crypt:3  | Entered Level 3 of the Crypt
 64282 | Crypt:3  | Noticed Khufu
 64285 | Crypt:3  | Noticed a greater mummy
 64304 | Crypt:3  | Killed a greater mummy
 64306 | Crypt:3  | Killed Khufu
 64400 | Crypt:3  | Found an ancient bone altar of Kikubaaqudgha.
 64549 | Crypt:3  | Noticed an ancient lich
 64550 | Crypt:3  | Gained mutation: You are frail. (-10% HP) [a cacodemon]
 64564 | Crypt:3  | Killed an ancient lich
 64573 | Crypt:3  | Identified the Disquisition on the Escort
 64576 | Crypt:3  | Got a crude sapphire amulet
 64668 | Crypt:3  | Noticed Saint Roka
 64703 | Crypt:3  | Killed Saint Roka
 64776 | Crypt:3  | Found the +4 Cigotuvi's embrace {rRot *Drain rN+}
 65574 | Crypt:3  | Found a staircase to the Tomb.
 66029 | Depths:1 | Voluntarily entered the Abyss.
 66083 | Abyss:1  | Paralysed by accursed screaming for 1 turns
 66216 | Abyss:1  | Found a shimmering blue altar of Sif Muna.
 66722 | Abyss:2  | HP: 7/150 [titan/the air[the fury of Okawaru] (30)]
 66995 | Abyss:2  | Found a corrupted altar of Lugonu.
 67262 | Abyss:2  | Paralysed by accursed screaming for 1 turns
 67311 | Abyss:2  | Paralysed by accursed screaming for 1 turns
 67367 | Abyss:2  | Gained mutation: You are very frail. (-20% HP) [a neqoxec]
 67762 | Abyss:3  | Gained mutation: Scrolls take you a little longer to read.
                  | [a neqoxec]
 67888 | Abyss:3  | Was forgiven by Okawaru
 68078 | Abyss:3  | Gained mutation: Scrolls take you longer to read. [a
                  | neqoxec]
 68444 | Abyss:3  | Gained mutation: You sometimes yell uncontrollably at your
                  | foes. [a neqoxec]
 68474 | Abyss:3  | Found a corrupted altar of Lugonu.
 68523 | Abyss:3  | Got an abyssal rune of Zot
 68553 | Abyss:3  | Gained mutation: You are weak. (Str -2) [a neqoxec]
 68904 | Abyss:3  | Gained mutation: Your body often deteriorates upon taking
                  | damage. [a neqoxec]
 68931 | Abyss:3  | Lost mutation: Scrolls take you longer to read. [a neqoxec]
 68934 | Abyss:3  | Gained mutation: You do not regenerate when monsters are
                  | visible. [a neqoxec]
 68945 | Depths:1 | Escaped the Abyss
 68949 | Depths:1 | Lost mutation: Scrolls take you a little longer to read.
                  | [potion of mutation]
 68949 | Depths:1 | Lost mutation: You do not regenerate when monsters are
                  | visible. [potion of mutation]
 68949 | Depths:1 | Lost mutation: You are weak. (Str -2) [potion of mutation]
 68949 | Depths:1 | Lost mutation: You are very frail. (-20% HP) [potion of
                  | mutation]
 68949 | Depths:1 | Gained mutation: You have supernaturally acute eyesight.
                  | (SInv) [potion of mutation]
 68950 | Depths:1 | Lost mutation: Your magical capacity is low. (-10% MP)
                  | [potion of mutation]
 68950 | Depths:1 | Lost mutation: Your body sometimes deteriorates upon taking
                  | damage. [potion of mutation]
 68950 | Depths:1 | Lost mutation: You are frail. (-10% HP) [potion of
                  | mutation]
 68950 | Depths:1 | Lost mutation: You are very clumsy. (Dex -4) [potion of
                  | mutation]
 68951 | Depths:1 | Lost mutation: You sometimes yell uncontrollably at your
                  | foes. [potion of mutation]
 68951 | Depths:1 | Lost mutation: You have supernaturally acute eyesight.
                  | (SInv) [potion of mutation]
 68951 | Depths:1 | Lost mutation: You are clumsy. (Dex -2) [potion of
                  | mutation]
 68951 | Depths:1 | Gained mutation: You possess an exceptional clarity of
                  | mind. [potion of mutation]
 68951 | Depths:1 | Gained mutation: You have sharp toenails. [potion of
                  | mutation]
 69136 | Hell     | Entered the Vestibule of Hell
 69136 | Hell     | Noticed Geryon
 69152 | Hell     | Killed Geryon
 69233 | Hell     | Found a gateway to the ashen valley of Gehenna.
 69329 | Hell     | Found a gateway to the decaying netherworld of Tartarus.
 69378 | Hell     | Found a gateway to the freezing wastes of Cocytus.
 69456 | Hell     | Found a gateway to the Iron City of Dis.
 69588 | Coc:1    | Entered Level 1 of Cocytus
 69724 | Coc:3    | You are sucked into a shaft and drop 3 floors!
 69732 | Coc:7    | Entered Level 7 of Cocytus
 70128 | Coc:7    | Noticed the Serpent of Hell
 70146 | Coc:7    | Killed the Serpent of Hell
 70237 | Coc:7    | Found the +10 tower shield of Ignorance {rN+ Int-4}
 70701 | Coc:7    | Noticed Antaeus
 70733 | Coc:7    | Killed Antaeus
 70855 | Coc:7    | Got an icy rune of Zot
 70971 | Dis:1    | Entered Level 1 of the Iron City of Dis
 71019 | Dis:1    | Reached skill level 27 in Shields
 71781 | Dis:7    | Entered Level 7 of the Iron City of Dis
 71796 | Dis:7    | Identified the amulet of Surprise {Faith rElec Int+2} (You
                  | found it on level 3 of the Crypt)
 72200 | Dis:7    | HP: 8/195 [Hell Sentinel/iron shot (33)]
 74860 | Dis:7    | Found the +11 plutonium sword {*Contam Stlth-}
 75027 | Dis:7    | Identified the cursed +0 tower shield of the Shoals {+Fly
                  | rPois Dex-4 SInv}
 75038 | Dis:7    | Gained mutation: Armour fits poorly on your strangely
                  | shaped body. [a cacodemon]
 75052 | Dis:7    | Identified the +4 staff of Dispater
 75052 | Dis:7    | Noticed Dispater
 75065 | Dis:7    | Killed Dispater
 75088 | Dis:7    | Got an iron rune of Zot
 75706 | Coc:2    | Reached skill level 27 in Armour
 75788 | Coc:2    | Reached skill level 27 in Fighting
 76537 | Coc:6    | Reached skill level 27 in Axes
 76539 | Coc:6    | Reached skill level 1 in Maces & Flails
 76871 | Tar:1    | Entered Level 1 of Tartarus
 76940 | Tar:1    | Reached skill level 5 in Polearms
 77087 | Tar:2    | Reached skill level 5 in Maces & Flails
 77353 | Tar:5    | Reached skill level 10 in Polearms
 77956 | Tar:6    | Reached skill level 10 in Maces & Flails
 78029 | Tar:6    | Found a shadowy altar of Dithmenos.
 78098 | Tar:7    | Entered Level 7 of Tartarus
 78186 | Tar:7    | Noticed an ancient lich
 78210 | Tar:7    | Killed an ancient lich
 78306 | Tar:7    | Noticed an ancient lich
 78319 | Tar:7    | Killed an ancient lich
 78730 | Tar:7    | Got a bloodstained plate armour
 78732 | Tar:7    | Got a masterwork broad axe
 78734 | Tar:7    | Identified the +6 broad axe of Lyskopti {flame, rF++ rN+}
                  | (You found it on level 7 of Tartarus)
 78735 | Tar:7    | Identified the +3 plate armour of Cynicism {+Blink rPois
                  | Str+2} (You found it on level 7 of Tartarus)
 78962 | Tar:7    | Noticed Ereshkigal
 78963 | Tar:7    | Reached skill level 15 in Polearms
 78972 | Tar:7    | Killed Ereshkigal
 79192 | Tar:7    | Got a bone rune of Zot
 79428 | Geh:1    | Entered Level 1 of Gehenna
 79961 | Geh:3    | Reached skill level 15 in Maces & Flails
 80157 | Geh:4    | Reached skill level 1 in Spellcasting
 81216 | Geh:7    | Entered Level 7 of Gehenna
 81217 | Geh:7    | ooo
 81428 | Geh:7    | Reached skill level 5 in Spellcasting
 82319 | Geh:7    | Identified the -2 tower shield of Roruah {rC- rCorr Dex+2}
 82321 | Geh:7    | Identified the +7 sceptre of Asmodeus
 82321 | Geh:7    | Noticed Asmodeus
 82334 | Geh:7    | Killed Asmodeus
 82437 | Geh:7    | Got an obsidian rune of Zot
 82438 | Geh:7    | Identified Sif Muna's Incunabulum of Scorching Combat Magic
 83703 | Tar:6    | Reached skill level 10 in Spellcasting
 84009 | Pan      | Entered Pandemonium
 84015 | Pan      | Identified the Collected Works on Companions
 84300 | Pan      | Noticed Bimyp the pandemonium lord
 84318 | Pan      | Killed Bimyp the pandemonium lord
 85032 | Pan      | Entered the realm of Cerebov.
 85337 | Pan      | Got a vibrating jade ring
 85571 | Pan      | Identified the +4 plate armour of Qith {Regen+ Dex+2 SInv}
 85606 | Pan      | Found an exit through the horrors of the Abyss.
 85887 | Pan      | Got a shimmering iron ring
 86316 | Pan      | Identified the +6 sword of Cerebov {flame}
 86316 | Pan      | Noticed Cerebov
 86317 | Pan      | Identified the ring of Greater Demons {Ice MR+}
 86340 | Pan      | Killed Cerebov
 86544 | Pan      | Got a fiery rune of Zot
 86819 | Pan      | Lost mutation: You have sharp toenails. [potion of
                  | mutation]
 86819 | Pan      | Lost mutation: Armour fits poorly on your strangely shaped
                  | body. [potion of mutation]
 86819 | Pan      | Gained mutation: You have supernaturally acute eyesight.
                  | (SInv) [potion of mutation]
 86819 | Pan      | Gained mutation: Your flesh is heat resistant. (rF+)
                  | [potion of mutation]
 86902 | Pan      | Found an exit through the horrors of the Abyss.
 86948 | Pan      | Gained mutation: Armour fits poorly on your strangely
                  | shaped body. [a cacodemon]
 86977 | Pan      | Noticed Nosh the pandemonium lord
 87012 | Pan      | Killed Nosh the pandemonium lord
 87677 | Pan      | Entered the realm of Lom Lobon.
 87778 | Pan      | Identified the ring of Skepticism {rPois Str+2 Int+3 Dex+2
                  | SInv} (You found it in Pandemonium)
 87779 | Pan      | Identified the ring of Creativity {EV+4 Str+2} (You found
                  | it in Pandemonium)
 88833 | Pan      | Noticed Lom Lobon
 88844 | Pan      | Killed Lom Lobon
 89032 | Pan      | Got a magical rune of Zot
 89647 | Pan      | Entered the realm of Gloorx Vloq.
 90321 | Pan      | Noticed Gloorx Vloq
 90332 | Pan      | Killed Gloorx Vloq
 90359 | Pan      | Got a dark rune of Zot
 90597 | Pan      | Entered the realm of Mnoleg.
 91222 | Pan      | Lost mutation: You possess an exceptional clarity of mind.
                  | [a cacodemon]
 91312 | Pan      | Gained mutation: You do not regenerate when monsters are
                  | visible. [a neqoxec]
 91314 | Pan      | Gained mutation: Your spells are a little easier to cast,
                  | but a little less powerful. [a neqoxec]
 91324 | Pan      | Gained mutation: You are weak. (Str -2) [a cacodemon]
 91359 | Pan      | Gained mutation: You are frail. (-10% HP) [a neqoxec]
 91372 | Pan      | Gained mutation: You are very frail. (-20% HP) [a
                  | cacodemon]
 91547 | Pan      | Noticed Mnoleg
 91547 | Pan      | Gained mutation: You are occasionally teleported next to
                  | monsters. [a cacodemon]
 91551 | Pan      | Lost mutation: You have supernaturally acute eyesight.
                  | (SInv) [a cacodemon]
 91578 | Pan      | Killed Mnoleg
 91628 | Pan      | Lost mutation: You have a pair of small antennae on your
                  | head. [potion of mutation]
 91628 | Pan      | Lost mutation: Armour fits poorly on your strangely shaped
                  | body. [potion of mutation]
 91628 | Pan      | Lost mutation: You are occasionally teleported next to
                  | monsters. [potion of mutation]
 91628 | Pan      | Gained mutation: You have a pair of small antennae on your
                  | head. [potion of mutation]
 91628 | Pan      | Gained mutation: You are partially covered in large bone
                  | plates. (SH +4) [potion of mutation]
 91628 | Pan      | Gained mutation: You are agile. (Dex +2) [potion of
                  | mutation]
 91629 | Pan      | Lost mutation: Your spells are a little easier to cast, but
                  | a little less powerful. [potion of mutation]
 91629 | Pan      | Lost mutation: You are very frail. (-20% HP) [potion of
                  | mutation]
 91629 | Pan      | Lost mutation: You have a pair of small antennae on your
                  | head. [potion of mutation]
 91629 | Pan      | Gained mutation: You possess an exceptional clarity of
                  | mind. [potion of mutation]
 91629 | Pan      | Lost mutation: You are agile. (Dex +2) [potion of mutation]
 91629 | Pan      | Lost mutation: You are frail. (-10% HP) [potion of
                  | mutation]
 91814 | Pan      | Gained mutation: Potions are less effective at restoring
                  | your health. [a cacodemon]
 91833 | Pan      | Got a glowing rune of Zot
 91915 | Pan      | Lost mutation: You possess an exceptional clarity of mind.
                  | [potion of mutation]
 91915 | Pan      | Lost mutation: You are weak. (Str -2) [potion of mutation]
 91915 | Pan      | Lost mutation: Your flesh is heat resistant. (rF+) [potion
                  | of mutation]
 91915 | Pan      | Gained mutation: You possess an exceptional clarity of
                  | mind. [potion of mutation]
 91916 | Pan      | Lost mutation: You possess an exceptional clarity of mind.
                  | [potion of mutation]
 91916 | Pan      | Lost mutation: You are partially covered in large bone
                  | plates. (SH +4) [potion of mutation]
 91916 | Pan      | Gained mutation: You passively map a small area around you.
                  | [potion of mutation]
 91916 | Pan      | Gained mutation: You are weak. (Str -2) [potion of
                  | mutation]
 91916 | Pan      | Gained mutation: You evolve. [potion of mutation]
 92149 | Pan      | Noticed Nezedam the pandemonium lord
 92150 | Pan      | Found an exit through the horrors of the Abyss.
 92169 | Pan      | Killed Nezedam the pandemonium lord
 92234 | Pan      | Noticed Firofiuw the pandemonium lord
 92242 | Pan      | Killed Firofiuw the pandemonium lord
 92720 | Pan      | Noticed Jilaops the pandemonium lord
 92730 | Pan      | Killed Jilaops the pandemonium lord
 92731 | Pan      | Reached skill level 15 in Spellcasting
 92821 | Pan      | Gained mutation: You are occasionally teleported next to
                  | monsters. [a neqoxec]
 92824 | Pan      | Gained mutation: Scrolls take you a little longer to read.
                  | [a neqoxec]
 92867 | Pan      | Found a transporter.
 93216 | Pan      | Found an exit through the horrors of the Abyss.
 93327 | Pan      | Gained mutation: You are covered in fur. (AC +1)
                  | [evolution]
 93480 | Pan      | Noticed Goffusua the pandemonium lord
 93490 | Pan      | Killed Goffusua the pandemonium lord
 93684 | Pan      | Noticed Siag the pandemonium lord
 93693 | Pan      | Killed Siag the pandemonium lord
 93703 | Pan      | Got a demonic rune of Zot
 93747 | Depths:1 | Escaped Pandemonium
 93748 | Depths:1 | Lost mutation: Potions are less effective at restoring your
                  | health. [potion of mutation]
 93748 | Depths:1 | Lost mutation: Scrolls take you a little longer to read.
                  | [potion of mutation]
 93748 | Depths:1 | Lost mutation: You evolve. [potion of mutation]
 93748 | Depths:1 | Gained mutation: You are robust. (+10% HP) [potion of
                  | mutation]
 93748 | Depths:1 | Gained mutation: You are sometimes teleported next to
                  | monsters. [potion of mutation]
 93748 | Depths:1 | Gained mutation: You are partially covered in large bone
                  | plates. (SH +4) [potion of mutation]
 93749 | Depths:1 | Lost mutation: You passively map a small area around you.
                  | [potion of mutation]
 93749 | Depths:1 | Lost mutation: You are weak. (Str -2) [potion of mutation]
 93749 | Depths:1 | Lost mutation: You are robust. (+10% HP) [potion of
                  | mutation]
 93749 | Depths:1 | Lost mutation: You are sometimes teleported next to
                  | monsters. [potion of mutation]
 93749 | Depths:1 | Gained mutation: Your mind is acute. (Int +2) [potion of
                  | mutation]
 93749 | Depths:1 | Gained mutation: Your spells are a little easier to cast,
                  | but a little less powerful. [potion of mutation]
 93749 | Depths:1 | Gained mutation: You evolve. [potion of mutation]
 94090 | Slime:1  | Entered Level 1 of the Pits of Slime
 94326 | Slime:5  | Entered Level 5 of the Pits of Slime
 94335 | Slime:5  | Paralysed by a floating eye for 2 turns
 94341 | Slime:5  | Gained mutation: You sometimes yell uncontrollably at your
                  | foes. [a shining eye]
 94354 | Slime:5  | Noticed the Royal Jelly
 94366 | Slime:5  | Paralysed by a floating eye for 2 turns
 94371 | Slime:5  | Killed the Royal Jelly
 94826 | Slime:5  | Paralysed by a floating eye for 2 turns
 94840 | Slime:5  | Paralysed by a floating eye for 3 turns
 95181 | Slime:5  | Paralysed by a floating eye for 2 turns
 95228 | Slime:5  | Found the +3 pair of gauntlets of War {Slay+5}
 95288 | Slime:5  | Got a brightly glowing copper ring
 95341 | Slime:5  | Got a fine steel ring
 95342 | Slime:5  | Identified the ring "Boenwom" {+Fly rF+ Int+2} (You found
                  | it on level 5 of the Pits of Slime)
 95343 | Slime:5  | Identified the ring "Remeara" {rElec MP+9 Str+5 Dex-3
                  | Slay+2} (You found it on level 5 of the Pits of Slime)
 95513 | Slime:5  | Got a slimy rune of Zot
 96231 | D:11     | Learned a level 9 spell: Shatter
 96241 | D:11     | Learned a level 9 spell: Tornado
 96575 | Tomb:1   | Entered Level 1 of the Tomb of the Ancients
 96582 | Tomb:1   | Reached skill level 1 in Earth Magic
 96671 | Tomb:1   | Noticed a greater mummy
 96672 | Tomb:1   | Noticed a greater mummy
 96684 | Tomb:1   | Killed a greater mummy
 96690 | Tomb:1   | Killed a greater mummy
 97247 | Tomb:1   | Lost mutation: You are covered in fur. (AC +1) [potion of
                  | mutation]
 97247 | Tomb:1   | Lost mutation: Your spells are a little easier to cast, but
                  | a little less powerful. [potion of mutation]
 97247 | Tomb:1   | Gained mutation: You have very sharp teeth. [potion of
                  | mutation]
 97247 | Tomb:1   | Gained mutation: You rapidly evolve. [potion of mutation]
 97247 | Tomb:1   | Gained mutation: Your mind is very acute. (Int +4) [potion
                  | of mutation]
 97380 | Tomb:1   | Reached skill level 5 in Earth Magic
 98180 | Pan      | Entered Pandemonium
 98464 | Pan      | Gained mutation: You are frail. (-10% HP) [evolution]
 98622 | Pan      | Found an exit through the horrors of the Abyss.
 98942 | Pan      | Gained mutation: Scrolls take you a little longer to read.
                  | [a cacodemon]
 98969 | Pan      | Noticed Afieb the pandemonium lord
 98978 | Pan      | Killed Afieb the pandemonium lord
 99367 | Pan      | Identified the +1 kite shield of the Mind {Harm rN+ MR+
                  | Int-3}
 99390 | Pan      | Found an exit through the horrors of the Abyss.
 99512 | Pan      | Noticed Ikir the pandemonium lord
 99569 | Pan      | Reached skill level 10 in Earth Magic
 99595 | Pan      | Killed Ikir the pandemonium lord
 99750 | Pan      | Identified the amulet "Idetin" {*Corrode rElec rPois Regen+
                  | Dex+6}
100403 | Pan      | Noticed Ivulir the pandemonium lord
100420 | Pan      | Killed Ivulir the pandemonium lord
100516 | Pan      | Found an exit through the horrors of the Abyss.
100814 | Pan      | Noticed Weibiok the pandemonium lord
100826 | Pan      | Killed Weibiok the pandemonium lord
101638 | Pan      | Gained mutation: You tend to lose your temper in combat. [a
                  | cacodemon]
101677 | Pan      | Noticed Negiono the pandemonium lord
101686 | Pan      | Killed Negiono the pandemonium lord
101688 | Pan      | Gained mutation: Armour fits poorly on your strangely
                  | shaped body. [a cacodemon]
101690 | Pan      | Lost mutation: Your mind is very acute. (Int +4) [a
                  | cacodemon]
101828 | Pan      | Got a steaming ivory ring
101847 | Pan      | Found an exit through the horrors of the Abyss.
101902 | Pan      | Identified the cursed ring "Memefa" {rC+ AC-4} (You found
                  | it in Pandemonium)
102203 | Pan      | Gained mutation: You are mostly covered in large bone
                  | plates. (SH +6) [evolution]
102245 | Pan      | Found an exit through the horrors of the Abyss.
102396 | Pan      | Lost mutation: You are occasionally teleported next to
                  | monsters. [potion of mutation]
102396 | Pan      | Lost mutation: You sometimes yell uncontrollably at your
                  | foes. [potion of mutation]
102396 | Pan      | Gained mutation: Your muscles are strong. (Str +2) [potion
                  | of mutation]
102477 | Pan      | Found a huge runed translucent gate.
102478 | Pan      | Found a huge runed translucent gate.
102479 | Pan      | Found a huge runed translucent gate.
102480 | Pan      | Found a huge runed translucent gate.
102480 | Pan      | Found a huge runed translucent gate.
102942 | Pan      | Found a huge runed translucent gate.
102945 | Pan      | Found a huge runed translucent gate.
102953 | Pan      | Noticed Rowijera the pandemonium lord
102973 | Pan      | Killed Rowijera the pandemonium lord
103194 | Pan      | Identified a scroll of acquirement
103199 | Pan      | Noticed Daaram the pandemonium lord
103210 | Pan      | Killed Daaram the pandemonium lord
103244 | Pan      | Found an exit through the horrors of the Abyss.
104315 | Pan      | Reached skill level 15 in Earth Magic
104829 | Pan      | Found an exit through the horrors of the Abyss.
104876 | Pan      | Noticed Hearho the pandemonium lord
104900 | Pan      | Killed Hearho the pandemonium lord
105650 | Pan      | Identified the cursed +1 ring mail of Curiosity {Rampage
                  | +Blink Str+8 Stlth-}
105650 | Pan      | Noticed Gusim the pandemonium lord
106306 | Pan      | Found a white marble altar of Elyvilon.
106455 | Pan      | Identified the +5 tower shield "Oskil" {*Contam rPois
                  | Int+4}
106457 | Pan      | Identified the +5 tower shield of Wiyduaso {MR+ rCorr}
106602 | Pan      | Identified the +8 tower shield of Wu Jian's Displeasure
                  | {Str+3}
106616 | Pan      | Found a glowing golden altar of the Shining One.
106619 | Pan      | Noticed a seraph
107166 | Depths:1 | Escaped Pandemonium
107730 | Pan      | Entered Pandemonium
108025 | Pan      | Noticed Ignacio
108037 | Pan      | Killed Ignacio
108098 | Pan      | Noticed Cyudi the pandemonium lord
108114 | Pan      | Killed Cyudi the pandemonium lord
108425 | Pan      | Lost mutation: You rapidly evolve. [evolution]
108571 | Pan      | Found an exit through the horrors of the Abyss.
108992 | Pan      | Noticed Guiluosch the pandemonium lord
109003 | Pan      | Killed Guiluosch the pandemonium lord
109042 | Pan      | Gained mutation: You are occasionally teleported next to
                  | monsters. [a neqoxec]
109134 | Pan      | Found an exit through the horrors of the Abyss.
109297 | Pan      | Noticed Fulo the pandemonium lord
109314 | Pan      | Killed Fulo the pandemonium lord
109331 | Pan      | Gained mutation: Your body sometimes deteriorates upon
                  | taking damage. [a cacodemon]
109454 | Pan      | Gained mutation: Your spells are a little easier to cast,
                  | but a little less powerful. [a cacodemon]
109514 | Pan      | Found an exit through the horrors of the Abyss.
110559 | Pan      | Noticed Gaicligi the pandemonium lord
110571 | Pan      | Gained mutation: You are very frail. (-20% HP) [a neqoxec]
110577 | Pan      | Killed Gaicligi the pandemonium lord
111423 | Pan      | Noticed Cuigeuce the pandemonium lord
111435 | Pan      | Killed Cuigeuce the pandemonium lord
111665 | Pan      | Gained mutation: Scrolls take you longer to read. [a
                  | cacodemon]
111686 | Pan      | Gained mutation: Your spells are easier to cast, but less
                  | powerful. [a neqoxec]
111896 | Pan      | Found an exit through the horrors of the Abyss.
112202 | Depths:1 | Escaped Pandemonium
112203 | Depths:1 | Lost mutation: Your spells are easier to cast, but less
                  | powerful. [potion of mutation]
112203 | Depths:1 | Lost mutation: Scrolls take you longer to read. [potion of
                  | mutation]
112203 | Depths:1 | Lost mutation: Your body sometimes deteriorates upon taking
                  | damage. [potion of mutation]
112203 | Depths:1 | Lost mutation: You are very frail. (-20% HP) [potion of
                  | mutation]
112203 | Depths:1 | Lost mutation: Your spells are a little easier to cast, but
                  | a little less powerful. [potion of mutation]
112207 | Depths:1 | Acquired 889 gold pieces
112721 | Tomb:2   | Noticed a greater mummy
112725 | Tomb:2   | Noticed a greater mummy
112726 | Tomb:2   | Noticed a greater mummy
112759 | Tomb:2   | Identified the +7 tower shield of Responsibility {Rampage
                  | rElec SInv}
112759 | Tomb:2   | Noticed Sojobo
112777 | Tomb:2   | Killed Sojobo
112795 | Tomb:2   | Killed a greater mummy
112889 | Tomb:2   | Killed a greater mummy
112898 | Tomb:2   | Noticed an ancient lich
112904 | Tomb:2   | Killed an ancient lich
112916 | Tomb:2   | Killed a greater mummy
112976 | Tomb:1   | Noticed a greater mummy
112986 | Tomb:1   | Killed a greater mummy
112998 | Tomb:1   | Noticed a greater mummy
112998 | Tomb:1   | Noticed a greater mummy
113002 | Tomb:1   | Killed a greater mummy
113003 | Tomb:1   | Killed a greater mummy
113083 | Tomb:1   | Noticed a greater mummy
113086 | Tomb:1   | Noticed a greater mummy
113090 | Tomb:1   | Killed a greater mummy
113090 | Tomb:1   | Noticed a greater mummy
113095 | Tomb:1   | Noticed a greater mummy
113147 | Tomb:1   | Noticed a greater mummy
113744 | Tomb:1   | Killed a greater mummy
114157 | Tomb:1   | Killed a greater mummy
114300 | Tomb:1   | Noticed a greater mummy
114308 | Tomb:1   | Noticed a greater mummy
114314 | Tomb:1   | Killed a greater mummy
114316 | Tomb:1   | Killed a greater mummy
114323 | Tomb:1   | Killed a greater mummy
114365 | Tomb:1   | Noticed a greater mummy
114375 | Tomb:1   | Killed a greater mummy
114780 | Tomb:1   | Noticed a greater mummy
114784 | Tomb:1   | Killed a greater mummy
114821 | Tomb:1   | Noticed a greater mummy
114828 | Tomb:1   | Killed a greater mummy
114898 | Tomb:1   | Noticed a greater mummy
114907 | Tomb:1   | Killed a greater mummy
114921 | Tomb:1   | Noticed a greater mummy
114924 | Tomb:1   | Killed a greater mummy
114926 | Tomb:1   | Noticed a greater mummy
114929 | Tomb:1   | Killed a greater mummy
114929 | Tomb:1   | Noticed a greater mummy
114941 | Tomb:1   | Noticed a greater mummy
114942 | Tomb:1   | Noticed a greater mummy
114945 | Tomb:1   | Killed a greater mummy
114947 | Tomb:1   | Killed a greater mummy
114948 | Tomb:1   | Noticed a greater mummy
114953 | Tomb:1   | Killed a greater mummy
115497 | Tomb:1   | Killed a greater mummy
115760 | Tomb:3   | Entered Level 3 of the Tomb of the Ancients
115788 | Tomb:3   | Noticed a greater mummy
115802 | Tomb:3   | Noticed a greater mummy
115805 | Tomb:3   | Noticed a greater mummy
115811 | Tomb:3   | Noticed a greater mummy
115813 | Tomb:3   | Killed a greater mummy
115815 | Tomb:3   | Noticed a greater mummy
115816 | Tomb:3   | Killed a greater mummy
115817 | Tomb:3   | Noticed a greater mummy
115818 | Tomb:3   | Killed a greater mummy
115818 | Tomb:3   | Noticed a greater mummy
115822 | Tomb:3   | Gained mutation: Scrolls take you longer to read.
                  | [mutagenic glow]
115838 | Tomb:3   | Gained mutation: You are very frail. (-20% HP) [mutagenic
                  | glow]
115883 | Tomb:3   | Noticed a greater mummy
116461 | Tomb:3   | Noticed a greater mummy
116470 | Tomb:3   | Killed a greater mummy
116472 | Tomb:3   | Reached skill level 27 in Invocations
116479 | Tomb:3   | Noticed an ancient lich
116481 | Tomb:3   | Killed a greater mummy
116484 | Tomb:3   | Killed a greater mummy
116485 | Tomb:3   | Killed a greater mummy
116506 | Tomb:2   | Killed a greater mummy
116924 | Tomb:3   | Killed a greater mummy
116931 | Tomb:3   | Killed an ancient lich
117150 | Tomb:3   | Got a golden rune of Zot
117395 | Tomb:3   | Got a fine jade ring
117499 | Tomb:3   | Identified the ring of Dabustres {+Fly rN+ Str+2 Int+6}
                  | (You found it on level 3 of the Tomb of the Ancients)
117501 | Tomb:3   | Got a pair of ichor-stained boots
117504 | Tomb:3   | Identified the +2 pair of boots of Yredelemnul's Hope {MR-
                  | Dex+3 Stlth+} (You found it on level 3 of the Tomb of the
                  | Ancients)
118252 | Zot:4    | Reached skill level 1 in Air Magic
118959 | Zot:5    | Entered Level 5 of the Realm of Zot
119396 | Zot:5    | Reached skill level 5 in Air Magic
119396 | Zot:5    | Noticed an ancient lich
119403 | Zot:5    | Noticed an ancient lich
119405 | Zot:5    | Noticed an orb of fire
119407 | Zot:5    | Noticed an orb of fire
119407 | Zot:5    | Noticed an orb of fire
119407 | Zot:5    | Noticed an ancient lich
119408 | Zot:5    | Killed an ancient lich
119408 | Zot:5    | Noticed an ancient lich
119408 | Zot:5    | Gained mutation: You are clumsy. (Dex -2) [an orb of fire]
119409 | Zot:5    | Lost mutation: Scrolls take you longer to read. [an orb of
                  | fire]
119410 | Zot:5    | Noticed an ancient lich
119411 | Zot:5    | The Shining One protects you from harm!
119411 | Zot:5    | Killed from afar by an orb of fire

Illustrated notes

≈≈§§§≈≈≈≈≈≈§≈≈≈
≈≈§§§≈≈≈§..≈≈..
≈≈≈≈≈§§.≈.≈..≈.
.≈..≈..≈.......
...............
...............
...............
∩.∩..∩.@.......
...............
..........§§...
..≈.≈...≈.§≈§≈≈
.§≈≈§≈..≈≈§§§≈≈
≈≈≈≈≈≈≈≈≈E≈≈≈≈≈
###############


Turn 81217 on Geh:7: ooo

Levels and vault maps discovered:
D:1:      dpeg_arrival_concentric_ovals, layout_rooms
D:2:      layout_loops_corners, gammafunk_temple_overflow_elements
D:3:      layout_basic, zin_statuary
D:4:      layout_cave_pools, corexii_hall_statues_i, minmay_diced_spiral
D:5:      layout_rooms, portal_sewer_entry_b
D:6:      layout_cave_pools, minmay_temple_entry_from_below_a
D:7:      layout_rooms, cheibrodos_worm_habitat
D:8:      layout_cave_pools, lemuel_mausoleum_altar_yredelemnul,
          dpeg_oklobed_lair, serial_shops, nicolae_shop_crystal,
          jmf_multi_god_temple
D:9:      minmay_the_grid_four_pointed_star_mashed
          [minmay_the_grid_triangle_9x9_sparse_checkered,
          minmay_the_grid_triangle_9x9_zippers_vertical,
          minmay_the_grid_triangle_9x9_sprig,
          minmay_the_grid_triangle_9x9_skeleton,
          minmay_the_grid_prize_four_corners], layout_small_grid,
          nicolae_dithmenos_the_darkroom
D:10:     minmay_razor_zed, layout_stronghold, minmay_orc_entry_guard_dogs,
          hangedman_misty_isle, uniq_psyche, uniq_harold
D:11:     hangedman_cross_veins, layout_cave_pools, biasface_ghost_orc_armoury
D:12:     evilmike_diamond_2, layout_long_grid, uniq_maurice
D:13:     kennysheep_snake, layout_irregular_city, david_vaults_1, serial_shops,
          kennysheep_mini_moat, minivault_23
D:14:     layout_gridville, serial_shops, nicolae_shop_behind_doors,
          serial_park_tiny_pond, uniq_kirke, uniq_nessos
D:15:     grunt_enter_depths_hoard, layout_loops_cross,
          chequers_serial_rivers_room_a
Temple:   regret_index_temple_sphere_string
Lair:1:   layout_gridlike, grunt_forest_small_clearing_treed
Lair:2:   layout_cave_pods, gauntlet_entry_generic
Lair:3:   layout_loops_ring, skrybe_swamp_entry_bodies,
          spider_nest_entry_web_field, nicolae_volcano_entry_batcave,
          lemuel_fruit_tree
Lair:4:   layout_hall_layers, bobbens_ice_dragon_lair, grunt_megastairs_3
Lair:5:   layout_long_grid
Lair:6:   cheibrodos_lair_end_hotspot, layout_loops_ring, slime_altar_1
Swamp:1:  layout_basic_swamp, evilmike_swamp_ruin_rubble_1, swamp_pool3,
          infiniplex_staircase_pool
Swamp:2:  layout_basic_swamp, gammafunk_ghost_abyssal_escape,
          nicolae_swamp_little_tower, grunt_witch_cave, uniq_frances
Swamp:3:  layout_basic_swamp, evilmike_swamp_ruin_house_4
Swamp:4:  swamp_old_school, layout_basic_swamp, infiniplex_staircase_pool_2
Spider:1: layout_spider_delve, hive_lemuel
Spider:2: layout_spider_delve
Spider:3: layout_spider_delve
Spider:4: floodkiller_spider_rune_tomb, hangedman_spider_mandibles
Slime:1:  layout_caves
Slime:2:  layout_caves, cheibrodos_slime_lost_civilization_6
Slime:3:  layout_caves
Slime:4:  layout_caves
Slime:5
Orc:1:    layout_caves, serial_shops, shop, shop_statue,
          nicolae_shop_waterfront, shop, shop, nicolae_orc_tapped_out
Orc:2:    st_orc_ogre_mass, layout_caves, portal_ice_cave_demonic_guard,
          serial_shops, shop
Elf:1:    layout_onion_city, hangedman_elf_disciples,
          hangedman_elf_power_crystal, hex_large, uniq_roxanne
Elf:2:    layout_geoelf_octagon, serial_shops, nicolae_shop_waterfront, shop,
          shop, shop_statue, shop, basic_altar, uniq_jorgrun, uniq_azrael,
          uniq_aizul
Elf:3:    minmay_elf_hall_spiked, layout_loops_cross, nicolae_elf_stair_hall,
          grunt_ministairs_8, uniq_mara
Vaults:1: gammafunk_vaults_ghost_split, v_misc_14, vaults_room_fancy_cross,
          vaults_dpeg_doors, v_misc_11, ontoclasm_vaults_spin,
          nicolae_vaults_alarming, hangedman_vaults_corner,
          nicolae_vaults_specimen_jars, v_alt_pattern_1, grunt_vaults_swirl,
          ontoclasm_vaults_decontamination, v_misc_30,
          nicolae_vaults_back_hallway, layout_vaults_maze, serial_shops,
          nicolae_shop_window_shopping
Vaults:2: v_rooms_6, nicolae_vaults_gold_heap, vaults_standard_mumra_x,
          st_cross, minmay_crypt_entry_necro_gods, v_misc_22, v_rooms_4,
          nicolae_vaults_rhombus_5, nicolae_vaults_yaktaur_gun_rack,
          layout_vaults_quadrants, uniq_margery
Vaults:3: vaults_mumra_minichess_inversion, nicolae_vaults_bisected_inception,
          nicolae_vaults_diagonal_hallway_8, nicolae_vaults_stairing_the_circle,
          hangedman_vaults_maws, vaults_room_large_hall,
          ontoclasm_vaults_ring_square, v_misc_17,
          nicolae_vaults_diagonal_hallway_6, ontoclasm_vaults_gateway,
          layout_vaults_chaotic_city
Vaults:4: v_misc_23, v_misc_22, v_pattern_3, vaults_mumra_lcd, v_misc_22,
          nicolae_vaults_network_quincunx
          [nicolae_vaults_network_quincunx_subvault,
          nicolae_vaults_network_quincunx_subvault,
          nicolae_vaults_network_quincunx_subvault,
          nicolae_vaults_network_quincunx_subvault,
          nicolae_vaults_network_quincunx_subvault], vaults_mumra_chevron,
          ontoclasm_vaults_eye, vaults_dpeg_ring, vaults_room_hallway,
          layout_vaults_omnibox, serial_shops, nicolae_shop_waterfront
Vaults:5
Crypt:1:  layout_basic, uniq_mennas
Crypt:2:  gammafunk_sealed_library, layout_regular_city,
          minmay_guarded_unrand_vampires_tooth, uniq_bai_suzhen
Crypt:3:  evilmike_haunted_forest, uniq_saint_roka, uniq_khufu
Tomb:1
Tomb:2:   uniq_sojobo
Tomb:3
Depths:1: layout_gridlike, enter_ziggurat_d, hangedman_decor_push,
          hangedman_tar_grid_catacomb, minmay_room_of_horrors,
          rand_demon_pan_entry_3, nicolae_rare_books, dk_noncrumbling_2,
          kennysheep_cross_bottleneck
Depths:2: evilmike_lava_path, layout_gridville, abyss_entry, serial_shops,
          bzr_firewalk, grunt_hell_horde, minmay_mirror_moons_of_madness,
          grunt_megastairs_2, infiniplex_staircase_squiggle
Depths:3: grunt_house_of_mirrors, layout_basic, grunt_hell_entry_dis_grunt,
          minmay_hedge_maze, rand_demon_pan_entry_9, kennysheep_cluttered_room,
          serial_sigils_hangedman_scratch
Depths:4: lemuel_river_lethe, hell_entry, abyss_entry
Depths:5: evilmike_zot_entry_basic, layout_small_grid, nrook_mini_backslash,
          hell_entry, kennysheep_crisscross, serial_bayou_shore_b,
          roderic_lattice_octagonal_star
Hell
Dis:1:    hangedman_iron_city_apartments, layout_regular_city
Dis:2:    layout_jigsaw
Dis:3:    layout_gridville
Dis:4:    layout_chaotic_city
Dis:5:    hangedman_dis_monolith, layout_regular_city, hangedman_dis_chains
Dis:6:    layout_subdivisions
Dis:7:    iron_city_of_dis [dis_grunt, dis_wall_2], layout_chaotic_city,
          nicolae_dis_strange_trophy_room
Geh:1:    layout_gehenna_pools_triple, nicolae_geh_sunburst
Geh:2:    layout_gehenna_lava_caves, evilmike_ambush
          [evilmike_ambush_outer_pillars, evilmike_ambush_inner_basic]
Geh:3:    layout_gehenna_pools_basic, hangedman_elemental_grid_stream
Geh:4:    layout_gehenna_pools_triple
Geh:5:    layout_gehenna_pools_basic
Geh:6:    layout_gehenna_pools_box
Geh:7:    geh_grunt
Coc:1:    layout_cocytus_water_paths
Coc:2:    layout_cocytus_water_paths
Coc:3:    layout_cocytus_water_paths, serial_ice
Coc:4:    layout_cocytus_water_paths
Coc:5:    layout_cocytus_water_paths
Coc:6:    layout_cocytus_water_paths
Coc:7:    coc_dpeg
Tar:1:    layout_grid_maze
Tar:2:    layout_grid_maze
Tar:3:    layout_grid_maze, nicolae_tar_cuneiform_to_be, lemuel_nasty_fountain
Tar:4:    layout_grid_maze, lemuel_nasty_pond, lemuel_elevator
Tar:5:    layout_cathedral_of_symmetry, nicolae_tar_fractal_crypt
Tar:6:    regret_index_dithmenos_brocken_genspenst, layout_catacombs,
          nicolae_tar_cuneiform_three, hangedman_tartarus_temple_path
Tar:7:    tar_old
Zot:1:    layout_basic, lemuel_baited_zot_trap, st_stairs_13, grunt_ministairs_6
Zot:2:    layout_onion, bh_zot_ikea_curve
Zot:3:    layout_cathedral_of_symmetry, hangedman_zot_diagonal_lockstep,
          grunt_megastairs_4
Zot:4:    layout_gridlike, st_large_dragon_hoard_2
Zot:5:    layout_basic, bh_zot_levy_curve

Skill      XL: |  1  2  3  4  5  6  7  8  9 10 11 12 13 14 15 16 17 18 19 20 21 22 23 24 25 26 27 |
---------------+----------------------------------------------------------------------------------+-----
Axes           | 2 3 4 5 6 7 8 9 10 11 12 15 17 18 19 20 27 | 27.0
Fighting       | 4 5 6 8 9 10 11 12 13 14 15 16 17 18 19 20 27 | 27.0
Armour         | 4 5 6 7 9 10 11 12 13 14 15 16 17 18 19 20 27 | 27.0
Shields        | 4 5 6 8 9 10 11 12 13 14 15 18 19 20 21 22 27 | 27.0
Invocations    | 3 5 7 9 10 11 12 15 27 | 27.0
Dodging        | 3 5 6 |  6.3
Maces & Flails | 21 | 21.9
Polearms       | 21 | 21.5
Spellcasting   | 22 | 22.3
Earth Magic    | 26 | 26.8
Air Magic      | 5 |  5.5

Action                   |  1- 3 |  4- 6 |  7- 9 | 10-12 | 13-15 | 16-18 | 19-21 | 22-24 | 25-27 || total
-------------------------+-------+-------+-------+-------+-------+-------+-------+-------+-------++-------
Melee: War axe           |    78 |   101 |   476 |   545 |   607 |   145 |   682 |  1164 |  2021 ||  5819
       Hand axe          |    98 |   249 |       |       |       |       |       |       |       ||   347
       Broad axe         |       |       |       |       |   434 |  1370 |   629 |       |  8221 || 10654
       Executioner's axe |       |       |       |       |    61 |    41 |       |       |       ||   102
       Bite              |       |       |       |       |       |       |       |       |   350 ||   350
 Cast: Shatter           |       |       |       |       |       |       |       |       |     3 ||     3
Invok: Heroism           |       |       |       |     4 |     4 |     5 |     4 |     1 |     4 ||    22
       Finesse           |       |       |       |     2 |     2 |     3 |     4 |       |     4 ||    15
       Summon Divine War |       |       |       |       |       |       |       |       |   123 ||   123
       Cleansing Flame   |       |       |       |       |       |       |       |       |   120 ||   120
       Divine Shield     |       |       |       |       |       |       |       |       |     7 ||     7
       Brand Weapon With |       |       |       |       |       |       |       |       |     1 ||     1
 Abil: Fly               |       |       |       |       |     1 |       |       |       |       ||     1
       Stop Flying       |       |       |       |       |       |       |       |       |     1 ||     1
Evoke: Wand              |       |       |     8 |     3 |       |       |     6 |       |     1 ||    18
  Use: Scroll            |     3 |     8 |     3 |    16 |    14 |     7 |    16 |     6 |    58 ||   131
       Potion            |       |     1 |     2 |     9 |     4 |     2 |     3 |     1 |    89 ||   111
 Stab: Paralysed         |       |       |       |       |       |       |     1 |       |       ||     1
       Confused          |       |       |       |       |       |       |       |       |     1 ||     1
Armor: Scale mail        |    79 |    16 |       |       |       |       |       |       |       ||    95
       Plate armour      |       |   148 |   189 |   234 |    45 |       |       |       |       ||   616
       Skin              |       |       |       |     2 |       |       |       |       |       ||     2
       Gold dragon scale |       |       |       |       |   796 |   863 |       |       |       ||  1659
       Crystal plate arm |       |       |       |       |       |   213 |   560 |   410 |  2869 ||  4052
Dodge: Dodged            |    36 |    22 |    20 |    60 |   131 |   172 |   172 |   115 |  1208 ||  1936
       Repelled          |       |       |       |     2 |     2 |     3 |    11 |     4 |       ||    22
Block: Tower shield      |   199 |   381 |   468 |   655 |  1491 |  2025 |  1573 |  1282 | 10839 || 18913
       Kite shield       |     1 |       |       |       |       |       |       |       |       ||     1
       Reflection        |       |     4 |     3 |    32 |    28 |    33 |    93 |    45 |   371 ||   609
       Other             |       |       |       |       |    23 |     9 |       |       |       ||    32

Table legend: (Time is in decaauts)
 A = Elapsed time spent in this place.
 B = Non-inter-level travel time spent in this place.
 C = Inter-level travel time spent in this place.
 D = Time resting spent in this place.
 E = Time spent auto-exploring this place.
 F = Levels seen in this place.
 G = Mean time per level.
                   A        B        C        D        E       F      G
               +--------+--------+--------+--------+--------+-----+--------+
         Total | 116552 | 108669 |   7883 |  11527 |  66302 | 135 |  863.3 |
       Dungeon |  18379 |  15974 |   2405 |   1470 |  10449 |  15 | 1225.3 |
        Temple |    212 |    140 |     72 |      0 |    134 |   1 |  212.0 |
          Lair |   7592 |   6949 |    643 |    624 |   5032 |   6 | 1265.3 |
         Swamp |   4895 |   4673 |    222 |    409 |   3286 |   4 | 1223.8 |
   Spider Nest |   4691 |   4435 |    256 |    343 |   3149 |   4 | 1172.8 |
    Slime Pits |   1872 |   1854 |     18 |   1184 |    102 |   5 |  374.4 |
  Orcish Mines |   1216 |   1089 |    127 |      0 |    754 |   2 |  608.0 |
   Elven Halls |   4158 |   3989 |    169 |    641 |   2396 |   3 | 1386.0 |
        Vaults |   7683 |   6257 |   1426 |      0 |   4533 |   5 | 1536.6 |
         Crypt |   4253 |   3650 |    603 |      0 |   2525 |   3 | 1417.7 |
          Tomb |   6285 |   6095 |    190 |   2595 |   1902 |   3 | 2095.0 |
        Depths |   7474 |   6443 |   1031 |    542 |   3967 |   5 | 1494.8 |
          Hell |   1425 |   1313 |    112 |    621 |    267 |   1 | 1425.0 |
           Dis |   3737 |   3571 |    166 |    142 |   2150 |   7 |  533.9 |
       Gehenna |   3099 |   3078 |     21 |    272 |   1830 |   7 |  442.7 |
       Cocytus |   2406 |   2400 |      6 |      1 |   1221 |   7 |  343.7 |
      Tartarus |   3325 |   3183 |    142 |      2 |   1860 |   7 |  475.0 |
           Zot |   4494 |   4224 |    270 |    344 |   3089 |   5 |  898.8 |
         Abyss |   3424 |   3424 |      0 |     96 |   1357 |   6 |  570.7 |
   Pandemonium |  22435 |  22435 |      0 |   1578 |  14616 |  35 |  641.0 |
        Bazaar |    387 |    387 |      0 |      0 |    285 |   1 |  387.0 |
         Sewer |    728 |    728 |      0 |    106 |    269 |   1 |  728.0 |
      Ice Cave |   1672 |   1672 |      0 |    550 |    724 |   1 | 1672.0 |
      Gauntlet |    700 |    700 |      0 |      4 |    402 |   1 |  700.0 |
               +--------+--------+--------+--------+--------+-----+--------+

Top non-repeatable levels by time:
  Tomb:1: 3866 daAuts
Depths:1: 2688 daAuts
Vaults:1: 2373 daAuts
    D:13: 2212 daAuts
   Dis:7: 2174 daAuts
Spider:4: 2083 daAuts
    D:10: 1929 daAuts
   Elf:1: 1838 daAuts
    D:12: 1808 daAuts
Vaults:2: 1738 daAuts
 Abyss:3: 1734 daAuts
     D:8: 1687 daAuts
   IceCv: 1672 daAuts
 Crypt:3: 1663 daAuts
  Lair:6: 1608 daAuts
